 Dungeon Crawl Stone Soup version 0.31-a0-152-g6aa68a64a1 (webtiles) character file.

Game seed: 17594257256242658726

568499 qw the Conqueror (level 25, -8/231 HPs)
             Began as a Minotaur Hunter on June 10, 2023.
             Was a High Priest of Okawaru.
             Mangled by an Orb Guardian (12 damage)
             ... on level 5 of the Realm of Zot.
             The game lasted 00:29:24 (46154 turns).

qw the Conqueror (Minotaur Hunter)                 Turns: 46154, Time: 00:29:25

Health: -8/231     AC: 24    Str: 25    XL:     25   Next: 56%
Magic:  3/36       EV: 50    Int:  6    God:    Okawaru [*****.]
Gold:   5944       SH:  0    Dex: 37    Spells: 24/24 levels left

rFire   + . .        l - +9 triple crossbow (flame)
rCold   . . .        (shield currently unavailable)
rNeg    + . .        n - +2 leather armour of Amelioration {Will+ Regen+ Str+4}
rPois   +            k - +3 crown of Dyrovepreva {rElec Int+2 SInv}
rElec   +            A - +2 cloak {Will+}
rCorr   +            i - +2 pair of gloves of the Camelopard {rPois rCorr Dex+4}
SInv    +            r - +2 pair of boots of Cunnidets {-Cast rN+ Regen+}
Will    +++..        a - amulet of faith
Stlth   ++++         f - +6 ring of dexterity
HPRegen 2.18/turn    j - ring of protection from fire
MPRegen 0.25/turn

%: no spellcasting, random rage (3%), faith
@: about to teleport, heroic, finesse-ful, marked
A: horns 2, retaliatory headbutt, iridescent scales 1, agile 1, berserk 1,
deformed body, frail 1, sense surroundings 1, strong 1
}: 3/15 runes: barnacled, silver, gossamer
a: Renounce Religion, Heroism, Finesse, Duel


You were on level 5 of the Realm of Zot.
You worshipped Okawaru.
Okawaru was extremely pleased with you.
You visited 9 branches of the dungeon, and saw 45 of its levels.
You visited the Abyss 1 time.
You also visited: Gauntlet.

You collected 7026 gold pieces.
You spent 1082 gold pieces at shops.


Innate Abilities, Weirdness & Mutations

You have a pair of horns on your head.
You reflexively headbutt those who attack you in melee.
You are partially covered in iridescent scales. (AC +2)
You are agile. (Dex +4, Str/Int -1)
You sometimes lose your temper in combat.
Armour fits poorly on your strangely shaped body.
You are frail. (-10% HP)
You passively map a small area around you.
Your muscles are strong. (Str +4, Int/Dex -1)


   Skills:
 O Level 27 Fighting
 - Level 22.0(27) Ranged Weapons
 - Level 22.0(27) Armour
 - Level 22.0(27) Dodging
 - Level 0.7(5.7) Stealth
 + Level 21.6 Invocations


You had 24 spell levels left.
You didn't know any spells.
Your spell library was empty.

Inventory:

Hand Weapons
 l - a +9 triple crossbow of flaming (weapon)
Armour
 i - the +2 pair of gloves of the Camelopard (worn) {rPois rCorr Dex+4}
   (You found it on level 3 of the Lair of Beasts)

   Dex:       It affects your dexterity (+4).
   rPois:     It protects you from poison.
   rCorr:     It protects you from acid and corrosion.
 k - the +3 crown of Dyrovepreva (worn) {rElec Int+2 SInv}
   (You found it on level 5 of the Vaults)

   Int:       It affects your intelligence (+2).
   rElec:     It insulates you from electricity.
   SInv:      It lets you see invisible.
 n - the +2 leather armour of Amelioration (worn) {Will+ Regen+ Str+4}
   (You found it on level 4 of the Vaults)

   Str:       It affects your strength (+4).
   Regen:     It increases your rate of health regeneration.
   Will:      It increases your willpower.
 r - the +2 pair of boots of Cunnidets (worn) {-Cast rN+ Regen+}
   (Okawaru gifted it to you on level 1 of the Depths)

   rN:        It protects you from negative energy.
   -Cast:     It prevents spellcasting.
   Regen:     It increases your rate of health regeneration.
 u - a +2 leather armour of fire resistance
 A - a +2 cloak of willpower (worn)
 C - the +1 pair of boots of Thoughtfulness {-Tele rPois Will++ Int+3}
   (Okawaru gifted it to you on level 2 of the Orcish Mines)

   Int:       It affects your intelligence (+3).
   rPois:     It protects you from poison.
   -Tele:     It prevents most forms of teleportation.
   Will:      It greatly increases your willpower.
Jewellery
 a - an amulet of faith (around neck)
 f - a +6 ring of dexterity (left hand)
 j - a ring of protection from fire (right hand)
 p - a +5 ring of evasion
 s - the amulet "Kiogip" {Reflect rF+ rC+ Str-4 Dex+2 SH+5}
   (You found it on level 1 of the Realm of Zot)

   [amulet of reflection]

   It reflects blocked missile attacks.
   Str:       It affects your strength (-4).
   Dex:       It affects your dexterity (+2).
   rF:        It protects you from fire.
   rC:        It protects you from cold.
   SH:        It affects your SH (+5).
 z - the ring of Xizus {rElec rPois rCorr Slay+3}
   (You took it off a vampire mage on level 2 of the Depths)

   [ring of poison resistance]

   Slay:      It affects your accuracy & damage with ranged weapons and melee
   (+3).
   rElec:     It insulates you from electricity.
   rPois:     It protects you from poison.
   rCorr:     It protects you from acid and corrosion.
 F - the amulet of Mikhik {Reflect rPois Will- SH+5 Stlth+}
   (You found it on level 2 of the Depths)

   [amulet of reflection]

   It reflects blocked missile attacks.
   rPois:     It protects you from poison.
   SH:        It affects your SH (+5).
   Will:      It decreases your willpower.
   Stlth:     It makes you more stealthy.
Wands
 v - a wand of digging (15)
Scrolls
 b - 22 scrolls of teleportation
 o - 4 scrolls of identify
 t - 3 scrolls of enchant armour
Potions
 c - 18 potions of curing
 d - 3 potions of cancellation
 e - 4 potions of might
 g - 5 potions of magic
 h - 14 potions of mutation
 w - 8 potions of haste

Dungeon Overview and Level Annotations

Branches:
Dungeon (15/15)            Temple (1/1) D:7            Lair (5/5) D:11
 Shoals (4/4) Lair:2       Spider (4/4) Lair:3        Slime (0/5) Lair:4
    Orc (2/2) D:12            Elf (0/3) Orc:2        Vaults (5/5) D:14
  Crypt (0/3) Vaults:3     Depths (4/4) D:15            Zot (5/5) Depths:4
Gauntlet (visited)

Altars:
Ashenzari
Cheibriados
Dithmenos
Elyvilon
Fedhas
Gozag
Hepliaklqana
Kikubaaqudgha
Makhleb
Nemelex Xobeh
Okawaru
Qazlal
Ru
Sif Muna
Trog
Uskayaw
Vehumet
Wu Jian
Xom
Yredelemnul
Zin
The Shining One
Jiyva

Shops:
D:5 *   D:6 (   D:7 *   D:8 *   D:12 :   Orc:2 ?((*   Vaults:1 :   Zot:1 *

Portals:
Hell: Depths:1 Depths:2 Depths:3 Depths:4
Abyss: Depths:1 Depths:2 Depths:3 Depths:4
Pandemonium: Depths:1 Depths:2
Ziggurat: Depths:2

Annotations:
D:5 1 runed translucent door, qw's ghost, novice NaHu
D:9 2 transporters
Vaults:3 2 transporters
Zot:3 3 runed translucent doors, qw's ghost, veteran MiHu


Message History

You kill the Orb Guardian!
Okawaru accepts your kill. The Orb Guardian completely misses you.
An orb of fire comes into view.
The Orb Guardian completely misses you. You furiously retaliate!
You headbutt the Orb Guardian!! The Orb Guardian misses you.
You furiously retaliate!
You headbutt the Orb Guardian! The Orb Guardian misses you.
You shoot a bolt.
The bolt hits the Orb Guardian but does no damage.
The Orb Guardian is moderately wounded.
The Orb Guardian hits you! The Orb Guardian completely misses you.
You furiously retaliate!
You headbutt the Orb Guardian. The Orb Guardian completely misses you.
You furiously retaliate!
You headbutt the Orb Guardian! The Orb Guardian completely misses you.
The Orb Guardian closely misses you. The Orb Guardian completely misses you.
You shoot a bolt. The bolt hits the Orb Guardian!!!
The bolt burns the Orb Guardian!!
You kill the Orb Guardian!
Okawaru accepts your kill.
An orb of fire comes into view.
The Orb Guardian hits you.
An Orb Guardian comes into view.
The Orb Guardian completely misses you. You furiously retaliate!
You headbutt the Orb Guardian! The Orb Guardian completely misses you.
You furiously retaliate!
You headbutt the Orb Guardian! You shoot a bolt.
The bolt hits the Orb Guardian!
The bolt burns the Orb Guardian!
The Orb Guardian is severely wounded.
The Orb Guardian closely misses you.
The Orb Guardian completely misses you. x2
You furiously retaliate!
You headbutt the Orb Guardian. You shoot a bolt.
The bolt barely misses the Orb Guardian.
The Orb Guardian completely misses you. You furiously retaliate!
You headbutt the Orb Guardian. The Orb Guardian misses you.
You furiously retaliate!
You headbutt the Orb Guardian!
The Orb Guardian completely misses you. x2
An Orb Guardian comes into view.
The Orb Guardian hits you!
You die...

, , , , , ,, , , , , , ,
, *, ,, , * * , ,, ,, ,
,, , , * ##############..
###.XX.*.XXX..*... , *
##....##..X@.X.[... *
######...###...XXX......
, *
........###^...^9.......,
, ^......##
#^............ ,,
.......# #.......^.....
......## #............. ,
......# #.............
......## #............. ^
.......# , ,,, *


You could see 2 orbs of fire, an electric golem and 10 Orb Guardians.

Vanquished Creatures
  A dread lich (Zot:5)
  An ancient lich (Vaults:5)
  5 orbs of fire
  A juggernaut (Depths:4)
  Boris (Vaults:5)
  3 Killer Klowns
  Vv (Depths:4)
  6 golden dragons
  Nikola (Spider:4)
  Arachne (Spider:4)
  3 electric golems
  9 tentacled monstrosities
  Jorgrun (Shoals:1)
  A walking earthen tome (Depths:3)
  3 liches
  15 Orb Guardians (Zot:5)
  5 titans
  Polyphemus (Shoals:3)
  Frances (Shoals:1)
  2 krakens
  7 quicksilver dragons
  3 sphinxes
  9 death cobs
  A tentacled starspawn (Abyss:2)
  A shadow dragon (shapeshifter) (Depths:2)
  Kirke (Shoals:1)
  Agnes (Spider:4)
  5 tengu reavers
  8 shadow dragons
  A fenstrider witch (shapeshifter) (Depths:2)
  12 storm dragons
  2 draconian monks (Zot:2)
  8 draconian knights
  13 vault wardens
  8 fire giants
  5 frost giants
  3 draconian scorchers
  14 ghost moths
  3 iron dragons
  4 emperor scorpions
  4 draconian shifters
  An angel (Abyss:2)
  Louise (Shoals:3)
  An orc warlord (Vaults:1)
  5 draconian stormcallers
  3 broodmothers
  17 ironbound preservers
  10 stone giants
  7 war gargoyles
  A broodmother (shapeshifter) (Depths:2)
  3 draconian annihilators
  16 very ugly things
  An ironbound thunderhulk (Vaults:1)
  A formless jellyfish (Vaults:2)
  A vampire knight (Depths:4)
  Nessos (D:12)
  2 deep elf annihilators (Vaults:5)
  6 black draconians
  A deep elf demonologist (Vaults:3)
  7 green draconians
  A minotaur (Gauntlet)
  11 red draconians
  10 dire elephants
  6 spark wasps
  9 purple draconians
  6 yellow draconians
  11 white draconians
  A blizzard demon (Depths:2)
  19 ettins
  5 merfolk javelineers
  A deep elf death mage (Vaults:5)
  8 merfolk impalers
  An ettin (shapeshifter) (Vaults:5)
  10 yaktaur captains
  2 deep elf high priests (Vaults:5)
  8 fire dragons
  A rakshasa (Depths:3)
  6 entropy weavers
  An entropy weaver (shapeshifter) (D:14)
  6 ice dragons
  7 great orbs of eyes
  28 vault guards
  An ogre mage (D:15)
  3 hell beasts
  A hydra (shapeshifter) (Depths:2)
  11 hydras
  3 peacekeepers (Vaults:4)
  A spriggan air mage (Depths:1)
  9 ironbound frosthearts
  Harold (Lair:1)
  3 catoblepae
  4 boulder beetles
  4 alligator snapping turtles
  20 centaur warriors
  11 jorogumos
  13 death yaks
  12 dancing weapons (Depths:2)
  5 radroaches
  3 tengu warriors
  10 two-headed ogres
  3 merfolk avatars
  A merfolk aquamancer (Shoals:4)
  A death scarab (Spider:2)
  A death knight (D:12)
  6 deep troll shamans
  10 demonic crawlers
  7 deep troll earth magi
  2 vampire magi
  A thrashing horror (Abyss:2)
  3 hell knights (Vaults:5)
  A shock serpent (Depths:2)
  5 orc high priests (Orc:2)
  7 spriggan berserkers
  Sonja (Orc:1)
  A large abomination (Abyss:2)
  A titan skeleton (Vaults:3)
  3 skysharks
  A wretched star (Abyss:2)
  An iron troll (shapeshifter) (Depths:2)
  6 iron trolls
  9 skeletal warriors
  Amaemon (D:8)
  A shadow wraith (Vaults:5)
  2 storm dragon skeletons (Vaults:3)
  Lodul (D:12)
  A sixfirhy (Gauntlet)
  9 glowing orange brains
  A death drake (shapeshifter) (Depths:2)
  A flayed ghost (Depths:3)
  8 pharaoh ants
  3 deep trolls (shapeshifter)
  52 deep trolls
  10 orb spiders
  A spatial maelstrom (Abyss:2)
  3 sun moths
  A glowing orange brain (shapeshifter) (Depths:2)
  3 obsidian statues (Depths:2)
  29 harpies
  18 sea snakes
  4 phantasmal warriors (Vaults:5)
  14 ironbound convokers
  A tengu zombie (Vaults:1)
  5 necromancers
  12 steelbarb worms
  32 wolf spiders
  5 orc knights
  13 lindwurms
  19 wizards
  2 deep elf pyromancers (D:14)
  A sphinx skeleton (Vaults:3)
  33 ugly things
  8 cyclopes
  A cyclops (shapeshifter) (Vaults:5)
  21 manticores
  A faun (Shoals:2)
  A shining eye (shapeshifter) (Depths:2)
  2 fauns (shapeshifter)
  19 elephants
  Maurice (D:12)
  9 black mambas
  A worldbinder (Abyss:2)
  An elephant (shapeshifter) (Vaults:5)
  32 moths of wrath
  An apocalypse crab (Abyss:2)
  2 rust devils (Abyss:2)
  10 torpor snails
  3 stone giant skeletons (Vaults:3)
  10 merfolk sirens
  20 vault sentinels
  A molten gargoyle (Depths:2)
  8 cane toads
  2 gargoyles
  A frost giant skeleton (Vaults:3)
  2 elf skeletons
  5 kobold demonologists
  5 rime drakes
  An orange demon (D:8)
  15 komodo dragons
  An unseen horror (shapeshifter) (Depths:2)
  25 yaktaurs
  Maggie (D:7)
  2 efreet (D:14)
  A rime drake (shapeshifter) (Depths:2)
  2 ancient zymes (Abyss:2)
  5 freezing wraiths
  2 yaktaur skeletons
  4 tengu conjurers
  4 polar bears
  20 merfolk
  5 trolls
  4 meliai (Spider:4)
  12 wind drakes
  5 hornets
  19 blink frogs
  Grinder (D:4)
  4 human skeletons
  3 raiju (Depths:2)
  An elf zombie (Vaults:3)
  A tarantella (shapeshifter) (Vaults:5)
  A human simulacrum (Vaults:1)
  13 snapping turtles
  8 dream sheep
  36 tarantellas
  A blink frog (shapeshifter) (Vaults:5)
  A dream sheep (shapeshifter) (Depths:2)
  22 jumping spiders
  25 slime creatures
  23 culicivoras
  4 vampires
  An ettin skeleton (Vaults:3)
  4 shadows
  3 spriggans
  3 air elementals (Depths:2)
  A centaur simulacrum (D:14)
  53 yaks
  2 wraiths (D:10)
  9 wyverns
  7 fire elementals (Depths:2)
  18 water elementals
  5 hogs (Shoals:1)
  5 basilisks
  6 fire bats
  A redback (shapeshifter) (Depths:2)
  2 steam dragons
  9 vampire mosquitoes
  52 redbacks
  Menkaure (D:7)
  A chaos spawn (Abyss:2)
  2 spatial vortices (Abyss:2)
  2 acid dragons
  11 wargs
  A naga (shapeshifter) (Vaults:5)
  4 hell hounds (Depths:1)
  22 water moccasins
  2 floating eyes
  A sky beast (D:8)
  3 glowing shapeshifter skeletons (Vaults:3)
  5 black bears
  8 orc warriors
  An ettin simulacrum (Vaults:3)
  10 wolves
  3 ice beasts
  5 boggarts
  10 ogres
  9 centaurs
  A tengu (shapeshifter) (D:14)
  4 phantoms
  2 kobold brigands
  3 small abominations (Abyss:2)
  11 bullfrogs
  Blork the orc (D:4)
  2 gnoll sergeants
  11 earth elementals (Depths:2)
  3 scorpions
  5 wights (D:6)
  3 killer bees (D:6)
  6 howler monkeys
  An electric eel (Lair:3)
  A quasit (D:11)
  33 orc priests
  3 hounds
  2 jellies
  3 sleepcaps (D:5)
  Ijyb (D:4)
  2 iguanas
  15 orc wizards
  12 gnolls
  12 adders
  A shadow imp (D:7)
  A white imp (D:7)
  5 ufetubi
  A worm (D:2)
  A dart slug (D:5)
  77 orcs
  3 endoplasms
  3 giant cockroaches
  5 goblins
  5 hobgoblins
  2 jackals (D:5)
  6 quokkas
  A quokka (shapeshifter) (Depths:3)
  4 ball pythons
  7 bats
  6 frilled lizards
  13 kobolds
  4 rats
  6 ball lightnings (Depths:2)
  7 tentacles
1906 creatures vanquished.

Vanquished Creatures (others)
  A purple draconian (Zot:2)
  A merfolk aquamancer (Shoals:4)
  A tengu warrior (D:14)
  A torpor snail (Spider:4)
  4 ball lightnings (Depths:2)
  2 starspawn tentacles (Abyss:2)
  7 tentacles
17 creatures vanquished.

Grand Total: 1923 creatures vanquished

Notes
Turn   | Place    | Note
-------+----------+-------------------------------------------
     0 | D:1      | qw the Minotaur Hunter began the quest for the Orb.
     0 | D:1      | Reached XP level 1. HP: 18/18 MP: 0/0
     0 | D:1      | 0 ||| qw: Version: 0.2-a-122-gbc61b45
     0 | D:1      | 0 ||| qw: Game counter: 3675
     0 | D:1      | 0 ||| qw: Always use a shield: true
     0 | D:1      | 0 ||| qw: God list: Okawaru
     0 | D:1      | 0 ||| qw: Allow faded altars: false
     0 | D:1      | 0 ||| qw: Do Orc after D:15 true
     0 | D:1      | 0 ||| qw: Do second Lair branch before Depths: true
     0 | D:1      | 0 ||| qw: Lair rune preference: random
     0 | D:1      | 0 ||| qw: Plans: Normal
     0 | D:1      | 0 ||| PLANNING D:1-11
   337 | D:1      | Reached XP level 2. HP: 25/25 MP: 1/1
   422 | D:1      | Found a faded altar of an unknown god.
   610 | D:1      | Reached skill level 3 in Fighting
   693 | D:1      | 693 ||| READING 2 scrolls labelled FYILEU NAMMI.
   694 | D:1      | 694 ||| READING scroll labelled TIEJUMODDU.
   695 | D:1      | 695 ||| READING scroll labelled QOGHUMI ZOIBBU.
   696 | D:1      | 696 ||| DROPPING scroll of fog.
   697 | D:1      | 697 ||| DROPPING scroll of butterflies.
   958 | D:2      | Reached XP level 3. HP: 31/31 MP: 2/2
  1137 | D:2      | HP: 3/31 [gnoll/+0 halberd (11)]
  1139 | D:2      | 1139 ||| FLEEEEING.
  1141 | D:2      | 1141 ||| FLEEEEING.
  1142 | D:2      | 1142 ||| FLEEEEING.
  1143 | D:2      | 1143 ||| FLEEEEING.
  1144 | D:2      | 1144 ||| FLEEEEING.
  1146 | D:2      | 1146 ||| FLEEEEING.
  1147 | D:2      | 1147 ||| FLEEEEING.
  1148 | D:2      | 1148 ||| FLEEEEING.
  1149 | D:2      | 1149 ||| FLEEEEING.
  1150 | D:2      | 1150 ||| FLEEEEING.
  1151 | D:2      | 1151 ||| FLEEEEING.
  1152 | D:2      | 1152 ||| FLEEEEING.
  1153 | D:2      | 1153 ||| FLEEEEING.
  1154 | D:2      | 1154 ||| FLEEEEING.
  1155 | D:2      | 1155 ||| FLEEEEING.
  1157 | D:2      | 1157 ||| FLEEEEING.
  1158 | D:2      | 1158 ||| FLEEEEING.
  1162 | D:2      | 1162 ||| FLEEEEING.
  1163 | D:2      | 1163 ||| FLEEEEING.
  1164 | D:2      | 1164 ||| FLEEEEING.
  1165 | D:2      | 1165 ||| FLEEEEING.
  1166 | D:2      | 1166 ||| FLEEEEING.
  1167 | D:2      | 1167 ||| FLEEEEING.
  1168 | D:2      | 1168 ||| FLEEEEING.
  1169 | D:2      | 1169 ||| FLEEEEING.
  1170 | D:2      | 1170 ||| FLEEEEING.
  1171 | D:2      | 1171 ||| FLEEEEING.
  1173 | D:2      | 1173 ||| FLEEEEING.
  1174 | D:2      | 1174 ||| FLEEEEING.
  1175 | D:2      | 1175 ||| FLEEEEING.
  1177 | D:2      | 1177 ||| FLEEEEING.
  1178 | D:2      | 1178 ||| FLEEEEING.
  1180 | D:2      | 1180 ||| FLEEEEING.
  1181 | D:2      | 1181 ||| FLEEEEING.
  1182 | D:2      | 1182 ||| FLEEEEING.
  1184 | D:2      | 1184 ||| FLEEEEING.
  1185 | D:2      | 1185 ||| FLEEEEING.
  1188 | D:2      | 1188 ||| FLEEEEING.
  1189 | D:2      | 1189 ||| FLEEEEING.
  1190 | D:2      | 1190 ||| FLEEEEING.
  1191 | D:2      | 1191 ||| FLEEEEING.
  1192 | D:2      | 1192 ||| FLEEEEING.
  1193 | D:2      | 1193 ||| FLEEEEING.
  1194 | D:2      | 1194 ||| FLEEEEING.
  1195 | D:2      | 1195 ||| FLEEEEING.
  1196 | D:2      | 1196 ||| FLEEEEING.
  1199 | D:2      | 1199 ||| FLEEEEING.
  1200 | D:2      | 1200 ||| FLEEEEING.
  1201 | D:2      | 1201 ||| FLEEEEING.
  1202 | D:2      | 1202 ||| STAIRDANCE
  1247 | D:1      | 1247 ||| UPGRADING to amulet of faith.
  1252 | D:1      | 1252 ||| DROPPING amulet of guardian spirit.
  1253 | D:1      | 1253 ||| READING 3 scrolls labelled FISOSU WORU.
  1254 | D:1      | 1254 ||| READING 2 scrolls of enchant weapon.
  1254 | D:1      | 1254 ||| ENCHANTING +1 shortbow.
  1255 | D:1      | 1255 ||| READING scroll of enchant weapon.
  1255 | D:1      | 1255 ||| ENCHANTING +2 shortbow.
  1256 | D:1      | 1256 ||| READING scroll labelled DUWAES YSATS.
  1259 | D:1      | 1259 ||| DRINKING 2 pink potions.
  1260 | D:1      | 1260 ||| DRINKING 2 black potions.
  1261 | D:1      | 1261 ||| DRINKING 2 fuming amethyst potions.
  1261 | D:1      | Gained mutation: You are partially covered in iridescent
                  | scales. (AC +2) [potion of mutation]
  1261 | D:1      | Gained mutation: You are agile. (Dex +4, Str/Int -1)
                  | [potion of mutation]
  1261 | D:1      | Gained mutation: You have hidden genetic potential. [potion
                  | of mutation]
  1262 | D:1      | 1262 ||| DROPPING potion of brilliance.
  1289 | D:2      | Reached skill level 6 in Ranged Weapons
  1289 | D:2      | Reached XP level 4. HP: 23/38 MP: 3/3
  2326 | D:3      | 2326 ||| UPGRADING to +0 pair of boots.
  2331 | D:3      | 2331 ||| UPGRADING to +6 ring of dexterity.
  2332 | D:3      | 2332 ||| READING scroll labelled XIVONAIGUWE.
  2347 | D:4      | 2347 ||| PLANNING OSSUARY
  2431 | D:4      | Noticed a phantom
  2441 | D:4      | Killed a phantom
  2442 | D:4      | Reached skill level 3 in Dodging
  2442 | D:4      | Reached XP level 5. HP: 31/46 MP: 4/4
  2452 | D:4      | Gained mutation: You passively map a small area around you.
                  | [hidden potential]
  2673 | D:4      | Noticed Grinder
  2687 | D:4      | Killed Grinder
  2688 | D:4      | Reached skill level 5 in Fighting
  2688 | D:4      | Reached XP level 6. HP: 33/57 MP: 5/5
  2689 | D:4      | Gained mutation: Your muscles are strong. (Str +4, Int/Dex
                  | -1) [hidden potential]
  2689 | D:4      | Lost mutation: You have hidden genetic potential. [hidden
                  | potential expressed]
  2788 | D:4      | Found an opulent altar of Gozag.
  2986 | D:4      | Found a sparkling altar of Nemelex Xobeh.
  2995 | D:4      | Noticed Blork the orc
  3003 | D:4      | Killed Blork the orc
  3004 | D:4      | Reached XP level 7. HP: 56/62 MP: 6/6
  3031 | D:4      | 3031 ||| RIP OSSUARY
  3042 | D:4      | 3042 ||| PLANNING D:1-11
  3380 | D:4      | Noticed Ijyb
  3384 | D:4      | Killed Ijyb
  3531 | D:4      | 3531 ||| UPGRADING to +0 ring mail.
  3541 | D:4      | 3541 ||| DROPPING +0 leather armour.
  3542 | D:4      | 3542 ||| READING scroll labelled MAET FITOENA.
  3543 | D:4      | 3543 ||| READING scroll labelled QYNKUA NUTHYC.
  3640 | D:4      | 3640 ||| READING scroll labelled CIYCED KAFEM.
  3715 | D:5      | Entered Level 5 of the Dungeon
  3715 | D:5      | Found Halor's Assorted Antiques.
  3719 | D:5      | 3719 ||| SHOPLISTING iridescent longbow (253 gold, have
                  | 233).
  3719 | D:5      | 3719 ||| BUYING scroll of enchant armour (165 gold).
  3719 | D:5      | Bought a scroll of enchant armour for 165 gold pieces
  3719 | D:5      | 3719 ||| READING scroll of enchant armour.
  3719 | D:5      | 3719 ||| ENCHANTING +0 pair of boots.
  3847 | D:5      | Noticed qw's ghost (novice NaHu)
  3853 | D:5      | Found a runed translucent door.
  4023 | D:5      | 4023 ||| FLEEEEING.
  4024 | D:5      | 4024 ||| FLEEEEING.
  4025 | D:5      | 4025 ||| STAIRDANCE
  4092 | D:5      | Reached skill level 9 in Ranged Weapons
  4092 | D:5      | Reached XP level 8. HP: 70/70 MP: 7/7
  4108 | D:5      | 4108 ||| READING scroll of brand weapon.
  4108 | D:5      | 4108 ||| BRANDING +3 shortbow of chaos.
  4147 | D:5      | Reached skill level 6 in Fighting
  4245 | D:5      | 4245 ||| READING scroll of brand weapon.
  4245 | D:5      | 4245 ||| BRANDING +3 shortbow of electrocution.
  4451 | D:5      | 4451 ||| DROPPING amulet of magic regeneration.
  4452 | D:5      | 4452 ||| DROPPING ring of flight.
  4597 | D:6      | 4597 ||| READING scroll of enchant armour.
  4597 | D:6      | 4597 ||| ENCHANTING +1 pair of boots.
  4623 | D:6      | Reached skill level 7 in Fighting
  4680 | D:6      | Reached XP level 9. HP: 79/79 MP: 8/8
  4931 | D:6      | Found Wato's Weapon Emporium.
  4937 | D:6      | 4937 ||| BUYING +0 triple crossbow (120 gold).
  4937 | D:6      | Bought a +0 triple crossbow for 120 gold pieces
  4937 | D:6      | 4937 ||| SWAPPING to +0 triple crossbow.
  4938 | D:6      | 4938 ||| DROPPING +3 shortbow of freezing.
  5154 | D:6      | Found an ornate altar of the Wu Jian Council.
  5388 | D:6      | 5388 ||| DRINKING 2 dark potions.
  5406 | D:7      | Noticed Menkaure
  5409 | D:7      | 5409 ||| STAIRDANCE
  5412 | D:6      | Reached skill level 6 in Dodging
  5547 | D:7      | Killed Menkaure
  5548 | D:7      | Reached skill level 3 in Armour
  5764 | D:7      | Found a staircase to the Ecumenical Temple.
  5765 | D:7      | 5765 ||| PLANNING TEMPLE
  5765 | D:7      | 5765 ||| DRINKING 2 amethyst potions.
  5774 | Temple   | Entered the Ecumenical Temple
  5915 | Temple   | 5915 ||| PLANNING OKAWARU WORSHIP
  5948 | Temple   | Became a worshipper of Warmaster Okawaru
  5948 | Temple   | 5948 ||| PLANNING D:1-11
  6049 | D:7      | Found a stormy altar of Qazlal.
  6168 | D:7      | Found Foentau's Elemental Accessories.
  6170 | D:7      | Noticed Maggie
  6174 | D:7      | Killed Maggie
  6175 | D:7      | Reached skill level 12 in Ranged Weapons
  6190 | D:7      | 6190 ||| UPGRADING to +0 steam dragon scales.
  6200 | D:7      | 6200 ||| DROPPING +0 ring mail.
  6212 | D:7      | Reached * piety under Okawaru
  6275 | D:7      | Noticed a two-headed ogre
  6275 | D:7      | Noticed a two-headed ogre
  6276 | D:7      | 6276 ||| INVOKING Heroism.
  6282 | D:7      | Killed a two-headed ogre
  6282 | D:7      | Reached ** piety under Okawaru
  6284 | D:7      | 6284 ||| INVOKING Heroism.
  6285 | D:7      | Killed a two-headed ogre
  6286 | D:7      | Reached skill level 8 in Fighting
  6286 | D:7      | Reached skill level 3 in Invocations
  6286 | D:7      | Reached XP level 10. HP: 31/88 MP: 5/11
  6457 | D:7      | Found the +12 pair of quick blades "Gyre" and "Gimble"
                  | {protect}
  6701 | D:8      | 6701 ||| INVOKING Heroism.
  6715 | D:8      | 6715 ||| Stepping randomly (disturbance).
  6778 | D:8      | Found Yroozuh's Gadget Gallery.
  6865 | D:8      | 6865 ||| INVOKING Heroism.
  6867 | D:8      | 6867 ||| Stepping ~*~*~tactically~*~*~ (outnumbered).
  6875 | D:8      | Noticed Amaemon
  6875 | D:8      | Noticed an orange demon
  6876 | D:8      | 6876 ||| INVOKING Heroism.
  6883 | D:8      | Killed Amaemon
  6883 | D:8      | Reached *** piety under Okawaru
  6887 | D:8      | Killed an orange demon
  7278 | D:8      | 7278 ||| UPGRADING to +0 cloak.
  7283 | D:8      | 7283 ||| READING 2 scrolls of identify.
  7283 | D:8      | 7283 ||| IDENTIFYING fuming pink potion
  7284 | D:8      | 7284 ||| DROPPING potion of attraction.
  7344 | D:9      | Noticed a two-headed ogre
  7345 | D:9      | 7345 ||| INVOKING Heroism.
  7347 | D:9      | Killed a two-headed ogre
  7348 | D:9      | Reached skill level 9 in Fighting
  7430 | D:9      | 7430 ||| INVOKING Heroism.
  7455 | D:9      | 7455 ||| INVOKING Heroism.
  7457 | D:9      | Reached **** piety under Okawaru
  7606 | D:9      | Noticed a manticore
  7607 | D:9      | 7607 ||| INVOKING Heroism.
  7610 | D:9      | Killed a manticore
  7613 | D:9      | Reached skill level 9 in Dodging
  7613 | D:9      | Reached XP level 11. HP: 99/99 MP: 11/13
  7641 | D:9      | Noticed a white ugly thing
  7649 | D:9      | Noticed a deep elf archer
  7650 | D:9      | Found a transporter.
  7696 | D:9      | Found a transporter.
  7823 | D:9      | Found a shimmering altar of Xom.
  8030 | D:9      | 8030 ||| READING 4 scrolls labelled CAG CIROAV.
  8031 | D:9      | 8031 ||| READING scroll labelled IPTIAJ YWKOEGIHUA.
  8032 | D:9      | 8032 ||| DRINKING 2 gluggy clear potions.
  8053 | D:9      | 8053 ||| READING 2 scrolls of identify.
  8053 | D:9      | 8053 ||| IDENTIFYING viscous sapphire potion
  8054 | D:9      | 8054 ||| DROPPING 3 scrolls of poison.
  8055 | D:9      | 8055 ||| DROPPING potion of lignification.
  8066 | D:10     | Entered Level 10 of the Dungeon
  8092 | D:10     | Noticed a two-headed ogre
  8093 | D:10     | 8093 ||| INVOKING Heroism.
  8099 | D:10     | Killed a two-headed ogre
  8099 | D:10     | Reached ***** piety under Okawaru
  8191 | D:10     | Reached skill level 6 in Invocations
  8349 | D:10     | Received a gift from Okawaru
  8443 | D:10     | Reached skill level 10 in Fighting
  8552 | D:10     | 8552 ||| READING 2 scrolls labelled BIRCHA JYKHLOPTA.
  8553 | D:10     | 8553 ||| READING scroll labelled ROKAOCK CUPT.
  8553 | D:10     | Identified a scroll of acquirement
  8553 | D:10     | 8553 ||| ACQUIRING +5 longbow of Furaun {speed, *Slow rC+
                  | Int+2}
  8553 | D:10     | Acquired the +5 longbow of Furaun {speed, *Slow rC+ Int+2}
  8555 | D:10     | 8555 ||| SWAPPING to +5 longbow of Furaun {speed, *Slow rC+
                  | Int+2}.
  8556 | D:10     | 8556 ||| DROPPING scroll of amnesia.
  8599 | D:11     | Found a staircase to the Lair.
  8656 | D:11     | 8656 ||| Stepping ~*~*~tactically~*~*~ (outnumbered).
  8657 | D:11     | 8657 ||| Stepping ~*~*~tactically~*~*~ (outnumbered).
  8672 | D:11     | Received a gift from Okawaru
  8672 | D:11     | Reached ****** piety under Okawaru
  8713 | D:11     | Noticed a wizard
  8718 | D:11     | Killed a wizard
  8719 | D:11     | Noticed a wizard
  8719 | D:11     | Noticed a wizard
  8727 | D:11     | Killed a wizard
  8728 | Abyss:2  | Cast into level 2 of the Abyss (a wizard)
  8748 | Abyss:2  | Found a corrupted altar of Lugonu.
  8776 | Abyss:2  | Received a gift from Okawaru
  8865 | Abyss:2  | 8865 ||| DROPPING +0 triple crossbow.
  8868 | Abyss:2  | Noticed an angel
  8873 | Abyss:2  | 8873 ||| INVOKING Heroism.
  8882 | Abyss:2  | Killed an angel
  8883 | Abyss:2  | Reached skill level 15 in Ranged Weapons
  8883 | Abyss:2  | Reached XP level 12. HP: 42/106 MP: 14/17
  8968 | Abyss:2  | 8968 ||| INVOKING Heroism.
  9067 | Abyss:2  | Reached skill level 9 in Invocations
  9076 | Abyss:2  | Received a gift from Okawaru
  9087 | Abyss:2  | Noticed a tentacled starspawn
  9093 | Abyss:2  | Killed a tentacled starspawn
  9118 | D:11     | Escaped the Abyss
  9122 | D:11     | 9122 ||| INVOKING Heroism.
  9125 | D:11     | 9125 ||| FLEEEEING.
  9126 | D:11     | 9126 ||| FLEEEEING.
  9129 | D:11     | 9129 ||| FLEEEEING.
  9134 | D:11     | 9134 ||| FLEEEEING.
  9143 | D:11     | 9143 ||| STAIRDANCE
  9219 | D:11     | 9219 ||| STAIRDANCE
  9566 | D:11     | Identified the +7 chain mail "Pesuceix" {Rampage Will+
                  | rCorr}
  9647 | D:11     | Found the +3 warlock's mirror {omnireflect}
  9800 | D:11     | 9800 ||| PLANNING LAIR
  9800 | D:11     | 9800 ||| UPGRADING to +2 leather armour of fire resistance.
  9810 | D:11     | 9810 ||| INVOKING Heroism.
  9816 | D:11     | 9816 ||| DROPPING scarf of shadows.
  9825 | D:11     | 9825 ||| UPGRADING to ring of protection from fire.
  9826 | D:11     | 9826 ||| READING scroll labelled CIDA FIRRIOCK.
  9827 | D:11     | 9827 ||| READING 2 scrolls of identify.
  9827 | D:11     | 9827 ||| IDENTIFYING sapphire potion
  9834 | Lair:1   | Entered Level 1 of the Lair of Beasts
  9834 | Lair:1   | Noticed a death yak
  9834 | Lair:1   | Noticed a death yak
  9835 | Lair:1   | 9835 ||| INVOKING Heroism.
  9836 | Lair:1   | 9836 ||| INVOKING Finesse.
  9842 | Lair:1   | Killed a death yak
  9842 | Lair:1   | Received a gift from Okawaru
  9846 | Lair:1   | Reached skill level 11 in Fighting
  9850 | Lair:1   | Killed a death yak
 10023 | Lair:1   | 10023 ||| INVOKING Heroism.
 10036 | Lair:1   | Reached XP level 13. HP: 116/116 MP: 17/19
 10155 | Lair:1   | Noticed Harold
 10156 | Lair:1   | 10156 ||| INVOKING Heroism.
 10160 | Lair:1   | Killed Harold
 10346 | Lair:1   | 10346 ||| INVOKING Heroism.
 10638 | Lair:1   | Noticed a fire dragon
 10639 | Lair:1   | 10639 ||| INVOKING Heroism.
 10640 | Lair:1   | 10640 ||| INVOKING Finesse.
 10650 | Lair:1   | Killed a fire dragon
 10924 | Lair:2   | 10924 ||| INVOKING Heroism.
 10925 | Lair:2   | 10925 ||| INVOKING Finesse.
 11152 | Lair:2   | 11152 ||| INVOKING Heroism.
 11252 | Lair:2   | Found a staircase to the Shoals.
 11270 | Lair:2   | 11270 ||| INVOKING Heroism.
 11341 | Lair:2   | 11341 ||| INVOKING Heroism.
 11343 | Lair:2   | Reached skill level 18 in Ranged Weapons
 11815 | Lair:2   | Identified the +0 robe "Nuclask" {Fly Str+4} (Okawaru
                  | gifted it to you on level 2 of the Lair of Beasts)
 11815 | Lair:2   | Received a gift from Okawaru
 11860 | Lair:2   | 11860 ||| UPGRADING to +0 robe "Nuclask" {Fly Str+4}.
 11870 | Lair:2   | 11870 ||| DROPPING +1 ring mail of fire resistance.
 11871 | Lair:2   | 11871 ||| READING scroll labelled HIGRUIMOTZU.
 11872 | Lair:2   | 11872 ||| READING 2 scrolls of identify.
 11872 | Lair:2   | 11872 ||| IDENTIFYING grey potion
 11873 | Lair:2   | 11873 ||| DROPPING potion of berserk rage.
 11919 | Lair:3   | Reached skill level 12 in Fighting
 11919 | Lair:3   | 11919 ||| INVOKING Heroism.
 12147 | Lair:3   | 12147 ||| FLEEEEING.
 12212 | Lair:3   | 12212 ||| INVOKING Heroism.
 12235 | Lair:3   | Reached skill level 12 in Dodging
 12287 | Lair:3   | 12287 ||| INVOKING Heroism.
 12341 | Lair:3   | 12341 ||| INVOKING Finesse.
 12383 | Lair:3   | Identified the +2 pair of gloves of the Camelopard {rPois
                  | rCorr Dex+4}
 12409 | Lair:3   | Reached XP level 14. HP: 126/126 MP: 20/20
 12764 | Lair:3   | Found a hole to the Spider Nest.
 12874 | Lair:3   | 12874 ||| UPGRADING to +2 pair of gloves of the Camelopard
                  | {rPois rCorr Dex+4}.
 12879 | Lair:3   | 12879 ||| DRINKING 2 coppery potions.
 12880 | Lair:3   | 12880 ||| DRINKING 3 inky potions.
 12881 | Lair:3   | 12881 ||| READING 2 scrolls of identify.
 12881 | Lair:3   | 12881 ||| IDENTIFYING cyan potion
 12882 | Lair:3   | 12882 ||| DROPPING potion of ambrosia.
 12883 | Lair:3   | 12883 ||| DROPPING potion of degeneration.
 13193 | Lair:4   | Found a staircase to the Slime Pits.
 13194 | Lair:4   | Found a viscous altar of Jiyva.
 13352 | Lair:4   | 13352 ||| READING scroll labelled KISUAFIPHO.
 13384 | Lair:5   | Entered Level 5 of the Lair of Beasts
 13507 | Lair:5   | Identified the +8 longbow "Leugisux" {flame, rElec Str+3
                  | Int+3} (Okawaru gifted it to you on level 5 of the Lair of
                  | Beasts)
 13507 | Lair:5   | Received a gift from Okawaru
 13562 | Lair:5   | 13562 ||| INVOKING Heroism.
 13563 | Lair:5   | 13563 ||| INVOKING Finesse.
 13579 | Lair:5   | Reached skill level 13 in Fighting
 13733 | Lair:5   | 13733 ||| INVOKING Heroism.
 13734 | Lair:5   | 13734 ||| INVOKING Finesse.
 13735 | Lair:5   | 13735 ||| INVOKING Finesse.
 13771 | Lair:5   | Received a gift from Okawaru
 13771 | Lair:5   | Found the +7 Kryia's mail coat {PotionHeal*2 rC+}
 13851 | Lair:5   | 13851 ||| INVOKING Heroism.
 13852 | Lair:5   | 13852 ||| INVOKING Finesse.
 13908 | Lair:5   | 13908 ||| INVOKING Heroism.
 13919 | Lair:5   | 13919 ||| INVOKING Finesse.
 13960 | Lair:5   | Identified the +4 falchion "Quraz" {heavy, Will+ Dex+5}
 13973 | Lair:5   | Identified the +5 rapier "Malodghugu" {vamp, +Blink Fly
                  | rElec Stlth-}
 14462 | Lair:5   | 14462 ||| PLANNING D
 14462 | Lair:5   | 14462 ||| READING 3 scrolls of identify.
 14462 | Lair:5   | 14462 ||| IDENTIFYING sedimented coppery potion
 14720 | D:12     | Found a staircase to the Orcish Mines.
 14755 | D:12     | Noticed Nessos
 14756 | D:12     | 14756 ||| INVOKING Finesse.
 14764 | D:12     | Killed Nessos
 14896 | D:12     | 14896 ||| READING scroll of enchant armour.
 14896 | D:12     | 14896 ||| ENCHANTING +0 cloak.
 14904 | D:12     | 14904 ||| INVOKING Heroism.
 14905 | D:12     | 14905 ||| INVOKING Finesse.
 15054 | D:12     | Reached XP level 15. HP: 136/136 MP: 21/21
 15129 | D:12     | Identified the +1 scale mail of Masochism {rCorr Int+3}
 15130 | D:12     | 15130 ||| INVOKING Heroism.
 15133 | D:12     | 15133 ||| Stepping ~*~*~tactically~*~*~ (outnumbered).
 15157 | D:12     | Reached skill level 14 in Fighting
 15168 | D:12     | 15168 ||| SWAPPING to +8 longbow "Leugisux" {flame, rElec
                  | Str+3 Int+3}.
 15171 | D:12     | 15171 ||| SWAPPING to +5 longbow of Furaun {speed, *Slow
                  | rC+ Int+2}.
 15172 | D:12     | 15172 ||| INVOKING Finesse.
 15271 | D:12     | 15271 ||| INVOKING Heroism.
 15328 | D:12     | Identified the +3 dagger "Becoosh" {protect, Str+5}
 15477 | D:12     | Noticed Lodul
 15478 | D:12     | 15478 ||| INVOKING Heroism.
 15484 | D:12     | Killed Lodul
 15591 | D:12     | Found Tuarr's Vocational Training.
 15600 | D:12     | Noticed Maurice
 15607 | D:12     | Killed Maurice
 16103 | D:13     | 16103 ||| Stepping ~*~*~tactically~*~*~ (outnumbered).
 16160 | D:13     | Reached skill level 15 in Dodging
 16371 | D:13     | 16371 ||| DROPPING +0 steam dragon scales.
 16372 | D:13     | 16372 ||| UPGRADING to +0 troll leather armour.
 16382 | D:13     | 16382 ||| DROPPING +0 robe "Nuclask" {Fly Str+4}.
 16383 | D:13     | 16383 ||| DROPPING scarf of harm.
 16392 | D:14     | 16392 ||| PLANNING GAUNTLET
 16406 | D:14     | 16406 ||| STAIRDANCE
 16472 | D:14     | Reached skill level 6 in Armour
 16479 | D:14     | Found a gate leading to a gauntlet.
 16484 | Gauntlet | Entered a Gauntlet
 16484 | Gauntlet | Found a transporter.
 16493 | Gauntlet | Found a transporter.
 16496 | Gauntlet | Found a transporter.
 16497 | Gauntlet | Found a transporter.
 16508 | Gauntlet | Found a transporter.
 16508 | Gauntlet | Found a transporter.
 16509 | Gauntlet | Found a transporter.
 16518 | Gauntlet | Found a transporter.
 16521 | Gauntlet | Found a transporter.
 16522 | Gauntlet | Found a transporter.
 16533 | Gauntlet | Found a transporter.
 16533 | Gauntlet | Found a transporter.
 16534 | Gauntlet | Found a transporter.
 16542 | Gauntlet | Found a transporter.
 16671 | Gauntlet | 16671 ||| INVOKING Heroism.
 16723 | Gauntlet | 16723 ||| UPGRADING to +1 hat.
 16728 | Gauntlet | 16728 ||| DROPPING ring of resist corrosion.
 16743 | D:14     | 16743 ||| PLANNING D
 16780 | D:14     | Received a gift from Okawaru
 16811 | D:14     | 16811 ||| INVOKING Heroism.
 16812 | D:14     | 16812 ||| INVOKING Finesse.
 16919 | D:14     | Found a gate to the Vaults.
 16930 | D:14     | 16930 ||| FLEEEEING.
 16931 | D:14     | 16931 ||| FLEEEEING.
 16932 | D:14     | 16932 ||| FLEEEEING.
 16935 | D:14     | 16935 ||| FLEEEEING.
 16936 | D:14     | 16936 ||| FLEEEEING.
 16937 | D:14     | 16937 ||| FLEEEEING.
 16938 | D:14     | 16938 ||| FLEEEEING.
 16939 | D:14     | 16939 ||| FLEEEEING.
 16947 | D:14     | 16947 ||| INVOKING Heroism.
 17193 | D:14     | 17193 ||| DROPPING +1 robe of fire resistance.
 17194 | D:14     | 17194 ||| READING 3 scrolls of identify.
 17194 | D:14     | 17194 ||| IDENTIFYING clear potion
 17195 | D:14     | 17195 ||| DROPPING potion of enlightenment.
 17229 | D:14     | Reached skill level 15 in Fighting
 17257 | D:14     | 17257 ||| READING scroll of enchant armour.
 17257 | D:14     | 17257 ||| ENCHANTING +1 hat.
 17317 | D:14     | 17317 ||| INVOKING Heroism.
 17318 | D:14     | 17318 ||| INVOKING Finesse.
 17396 | D:14     | 17396 ||| INVOKING Heroism.
 17397 | D:14     | 17397 ||| INVOKING Finesse.
 17398 | D:14     | 17398 ||| SWAPPING to +8 longbow "Leugisux" {flame, rElec
                  | Str+3 Int+3}.
 17401 | D:14     | 17401 ||| SWAPPING to +5 longbow of Furaun {speed, *Slow
                  | rC+ Int+2}.
 17457 | D:14     | 17457 ||| INVOKING Heroism.
 17555 | D:14     | Found a sacrificial altar of Ru.
 17829 | D:15     | Entered Level 15 of the Dungeon
 17837 | D:15     | Found a staircase to the Depths.
 17837 | D:15     | Noticed a fire giant
 17843 | D:15     | Killed a fire giant
 17843 | D:15     | Received a gift from Okawaru
 17844 | D:15     | 17844 ||| INVOKING Heroism.
 18009 | D:15     | 18009 ||| INVOKING Heroism.
 18117 | D:15     | Reached XP level 16. HP: 151/151 MP: 22/22
 18383 | D:15     | 18383 ||| PLANNING ORC
 18476 | Orc:1    | Entered Level 1 of the Orcish Mines
 18486 | Orc:1    | Noticed Sonja
 18487 | Orc:1    | 18487 ||| INVOKING Finesse.
 18494 | Orc:1    | Killed Sonja
 18561 | Orc:1    | Reached skill level 16 in Fighting
 18627 | Orc:2    | Entered Level 2 of the Orcish Mines
 18711 | Orc:1    | You fall into a shaft and drop 1 floor!
 18713 | Orc:2    | 18713 ||| INVOKING Heroism.
 18718 | Orc:2    | 18718 ||| Stepping ~*~*~tactically~*~*~ (outnumbered).
 18780 | Orc:2    | Identified the +1 pair of boots of Thoughtfulness {-Tele
                  | rPois Will++ Int+3} (Okawaru gifted it to you on level 2 of
                  | the Orcish Mines)
 18780 | Orc:2    | Received a gift from Okawaru
 18822 | Orc:2    | Found Urrerae's General Store.
 18832 | Orc:2    | Found Otacroaw's Weapon Shop.
 18833 | Orc:2    | 18833 ||| Stepping ~*~*~tactically~*~*~ (outnumbered).
 18836 | Orc:2    | 18836 ||| Stepping ~*~*~tactically~*~*~ (outnumbered).
 18838 | Orc:2    | 18838 ||| INVOKING Heroism.
 19100 | Orc:1    | 19100 ||| INVOKING Heroism.
 19399 | Orc:2    | Found a staircase to the Elven Halls.
 19744 | Orc:2    | Found Donukoidd's Weapon Shoppe.
 19745 | Orc:2    | 19745 ||| INVOKING Heroism.
 19748 | Orc:2    | Found Teociarihiu's Magic Scroll Shop.
 19750 | Orc:2    | 19750 ||| Stepping ~*~*~tactically~*~*~ (outnumbered).
 19751 | Orc:2    | 19751 ||| Stepping ~*~*~tactically~*~*~ (outnumbered).
 19815 | Orc:2    | 19815 ||| BUYING 3 scrolls of enchant weapon (382 gold).
 19815 | Orc:2    | Bought 3 scrolls of enchant weapon for 382 gold pieces
 19815 | Orc:2    | 19815 ||| BUYING scroll of enchant armour (127 gold).
 19815 | Orc:2    | Bought a scroll of enchant armour for 127 gold pieces
 19815 | Orc:2    | 19815 ||| READING scroll of enchant armour.
 19815 | Orc:2    | 19815 ||| ENCHANTING +1 cloak.
 19879 | Orc:2    | 19879 ||| PLANNING SPIDER:1-3
 20093 | Spider:1 | Entered Level 1 of the Spider Nest
 20153 | Spider:1 | 20153 ||| FLEEEEING.
 20155 | Spider:1 | 20155 ||| FLEEEEING.
 20157 | Spider:1 | 20157 ||| INVOKING Finesse.
 20192 | Spider:1 | 20192 ||| Stepping randomly (disturbance).
 20193 | Spider:1 | 20193 ||| Stepping randomly (disturbance).
 20194 | Spider:1 | 20194 ||| Stepping randomly (disturbance).
 20392 | Spider:1 | Reached skill level 9 in Armour
 20418 | Spider:1 | 20418 ||| Stepping ~*~*~tactically~*~*~ (outnumbered).
 20423 | Spider:1 | 20423 ||| Stepping ~*~*~tactically~*~*~ (outnumbered).
 20570 | Spider:1 | 20570 ||| Stepping ~*~*~tactically~*~*~ (outnumbered).
 20646 | Spider:1 | 20646 ||| INVOKING Heroism.
 20652 | Spider:1 | Reached skill level 17 in Fighting
 20715 | Spider:1 | 20715 ||| Stepping ~*~*~tactically~*~*~ (outnumbered).
 20993 | Spider:1 | 20993 ||| INVOKING Heroism.
 21208 | Spider:2 | 21208 ||| DRINKING potion of resistance.
 21283 | Spider:2 | 21283 ||| INVOKING Heroism.
 21291 | Spider:2 | Reached skill level 18 in Dodging
 21293 | Spider:2 | 21293 ||| INVOKING Finesse.
 21325 | Spider:2 | 21325 ||| Stepping ~*~*~tactically~*~*~ (outnumbered).
 21366 | Spider:2 | 21366 ||| INVOKING Heroism.
 21416 | Spider:2 | Received a gift from Okawaru
 21417 | Spider:2 | Reached skill level 18 in Fighting
 21453 | Spider:2 | 21453 ||| INVOKING Heroism.
 21671 | Spider:2 | 21671 ||| INVOKING Heroism.
 21678 | Spider:2 | Reached XP level 17. HP: 163/163 MP: 20/23
 22382 | Spider:3 | 22382 ||| INVOKING Heroism.
 22386 | Spider:3 | 22386 ||| STAIRDANCE
 22428 | Spider:3 | 22428 ||| STAIRDANCE
 22556 | Spider:3 | 22556 ||| STAIRDANCE
 22787 | Spider:3 | 22787 ||| INVOKING Finesse.
 22891 | Spider:3 | 22891 ||| Stepping randomly (disturbance).
 23188 | Spider:3 | 23188 ||| INVOKING Heroism.
 23215 | Spider:3 | 23215 ||| INVOKING Heroism.
 23356 | Spider:3 | 23356 ||| PLANNING SHOALS:1-3
 23356 | Spider:3 | 23356 ||| DROPPING ring of positive energy.
 23518 | Shoals:1 | Entered Level 1 of the Shoals
 23519 | Shoals:1 | Noticed Kirke
 23541 | Shoals:1 | Killed Kirke
 23541 | Shoals:1 | Received a gift from Okawaru
 23550 | Shoals:1 | 23550 ||| FLEEEEING.
 23551 | Shoals:1 | 23551 ||| STAIRDANCE
 23672 | Shoals:1 | 23672 ||| INVOKING Heroism.
 23675 | Shoals:1 | 23675 ||| Stepping ~*~*~tactically~*~*~ (outnumbered).
 23701 | Shoals:1 | Noticed Jorgrun
 23704 | Shoals:1 | Noticed Frances
 23705 | Shoals:1 | 23705 ||| INVOKING Finesse.
 23717 | Shoals:1 | Killed Jorgrun
 23727 | Shoals:1 | Killed Frances
 23802 | Shoals:1 | 23802 ||| INVOKING Heroism.
 23803 | Shoals:1 | 23803 ||| Stepping ~*~*~tactically~*~*~ (water).
 23834 | Shoals:1 | Reached skill level 19 in Fighting
 24090 | Shoals:1 | 24090 ||| Stepping ~*~*~tactically~*~*~ (water).
 24120 | Shoals:1 | 24120 ||| Stepping ~*~*~tactically~*~*~ (water).
 24418 | Shoals:2 | 24418 ||| Stepping ~*~*~tactically~*~*~ (water).
 24545 | Shoals:2 | Received a gift from Okawaru
 24578 | Shoals:2 | Found a frozen archway.
 24883 | Shoals:2 | 24883 ||| Stepping ~*~*~tactically~*~*~ (water).
 24892 | Shoals:2 | 24892 ||| Stepping ~*~*~tactically~*~*~ (water).
 25114 | Shoals:2 | 25114 ||| DROPPING +2 robe of willpower.
 25115 | Shoals:2 | 25115 ||| READING 4 scrolls of identify.
 25115 | Shoals:2 | 25115 ||| IDENTIFYING viscous purple potion
 25116 | Shoals:2 | 25116 ||| DROPPING potion of invisibility.
 25194 | Shoals:3 | 25194 ||| Stepping ~*~*~tactically~*~*~ (water).
 25215 | Shoals:3 | Noticed Polyphemus
 25216 | Shoals:3 | 25216 ||| INVOKING Heroism.
 25217 | Shoals:3 | 25217 ||| INVOKING Finesse.
 25234 | Shoals:3 | Killed Polyphemus
 25291 | Shoals:3 | Noticed a kraken
 25294 | Shoals:3 | 25294 ||| INVOKING Heroism.
 25309 | Shoals:3 | Killed a kraken
 25351 | Shoals:3 | 25351 ||| INVOKING Heroism.
 25352 | Shoals:3 | 25352 ||| INVOKING Finesse.
 25353 | Shoals:3 | 25353 ||| Stepping ~*~*~tactically~*~*~ (outnumbered).
 25452 | Shoals:3 | 25452 ||| Stepping ~*~*~tactically~*~*~ (water).
 25459 | Shoals:3 | 25459 ||| Stepping ~*~*~tactically~*~*~ (water).
 25465 | Shoals:3 | 25465 ||| Stepping ~*~*~tactically~*~*~ (water).
 25490 | Shoals:3 | 25490 ||| Stepping ~*~*~tactically~*~*~ (water).
 25497 | Shoals:3 | Noticed Louise
 25511 | Shoals:3 | Killed Louise
 25601 | Shoals:3 | Identified the +4 chain mail "Doas Kidgh" {Contam Str+5}
 25640 | Shoals:3 | Reached skill level 20 in Fighting
 25651 | Shoals:3 | 25651 ||| INVOKING Heroism.
 25748 | Shoals:3 | 25748 ||| INVOKING Heroism.
 25749 | Shoals:3 | 25749 ||| INVOKING Finesse.
 25893 | Shoals:3 | 25893 ||| PLANNING SPIDER:4
 26095 | Spider:4 | Entered Level 4 of the Spider Nest
 26096 | Spider:4 | 26096 ||| INVOKING Heroism.
 26105 | Spider:4 | Reached XP level 18. HP: 160/178 MP: 22/24
 26111 | Spider:4 | 26111 ||| STAIRDANCE
 26119 | Spider:3 | HP: 41/178 [something (16)]
 26120 | Spider:3 | 26120 ||| READING 17 scrolls of teleportation.
 26121 | Spider:3 | 26121 ||| DRINKING 4 potions of heal wounds.
 26124 | Spider:3 | HP: 33/178 [wolf spider[a torpor snail] (16)]
 26125 | Spider:3 | 26125 ||| DRINKING 3 potions of heal wounds.
 26126 | Spider:3 | 26126 ||| DRINKING 2 potions of heal wounds.
 26220 | Spider:3 | 26220 ||| DROPPING +8 longbow "Leugisux" {flame, rElec
                  | Str+3 Int+3}.
 26271 | Spider:4 | 26271 ||| STAIRDANCE
 26275 | Spider:4 | 26275 ||| STAIRDANCE
 26306 | Spider:4 | 26306 ||| INVOKING Heroism.
 26333 | Spider:4 | 26333 ||| STAIRDANCE
 26341 | Spider:3 | Identified the +1 buckler "Qireuro" {Harm rC+ Str+4}
                  | (Okawaru gifted it to you on level 3 of the Spider Nest)
 26341 | Spider:3 | Received a gift from Okawaru
 26543 | Spider:4 | 26543 ||| INVOKING Finesse.
 26603 | Spider:4 | 26603 ||| INVOKING Heroism.
 26662 | Spider:4 | Noticed Arachne
 26677 | Spider:4 | 26677 ||| INVOKING Heroism.
 26706 | Spider:4 | Killed Arachne
 26727 | Spider:4 | Reached skill level 21 in Dodging
 26753 | Spider:4 | 26753 ||| INVOKING Heroism.
 26759 | Spider:4 | 26759 ||| Stepping ~*~*~tactically~*~*~ (outnumbered).
 26764 | Spider:4 | 26764 ||| DRINKING potion of resistance.
 26781 | Spider:4 | Noticed Nikola
 26795 | Spider:4 | Killed Nikola
 26802 | Spider:4 | 26802 ||| INVOKING Heroism.
 26882 | Spider:4 | Noticed Agnes
 26886 | Spider:4 | Killed Agnes
 26930 | Spider:4 | 26930 ||| Stepping randomly (disturbance).
 26931 | Spider:4 | 26931 ||| Stepping randomly (disturbance).
 26932 | Spider:4 | 26932 ||| Stepping randomly (disturbance).
 26933 | Spider:4 | 26933 ||| Stepping randomly (disturbance).
 26939 | Spider:4 | 26939 ||| Stepping randomly (disturbance).
 26940 | Spider:4 | 26940 ||| Stepping randomly (disturbance).
 27013 | Spider:4 | 27013 ||| Stepping randomly (disturbance).
 27014 | Spider:4 | 27014 ||| Stepping randomly (disturbance).
 27015 | Spider:4 | 27015 ||| Stepping randomly (disturbance).
 27029 | Spider:4 | Reached skill level 21 in Fighting
 27061 | Spider:4 | 27061 ||| INVOKING Heroism.
 27246 | Spider:4 | Got a gossamer rune of Zot
 27293 | Spider:4 | 27293 ||| FLEEEEING.
 27294 | Spider:4 | 27294 ||| FLEEEEING.
 27295 | Spider:4 | 27295 ||| FLEEEEING.
 27318 | Spider:4 | 27318 ||| FLEEEEING.
 27322 | Spider:4 | 27322 ||| FLEEEEING.
 27323 | Spider:4 | 27323 ||| FLEEEEING.
 27324 | Spider:4 | 27324 ||| STAIRDANCE
 27469 | Spider:4 | 27469 ||| STAIRDANCE
 27528 | Spider:4 | 27528 ||| INVOKING Heroism.
 27630 | Spider:4 | 27630 ||| INVOKING Heroism.
 27864 | Spider:4 | 27864 ||| PLANNING VAULTS:1-4
 27864 | Spider:4 | 27864 ||| DROPPING scarf of shadows.
 27877 | Spider:3 | 27877 ||| INVOKING Heroism.
 28250 | Vaults:1 | Entered Level 1 of the Vaults
 28309 | Vaults:1 | 28309 ||| Stepping ~*~*~tactically~*~*~ (outnumbered).
 28332 | Vaults:1 | 28332 ||| INVOKING Heroism.
 28424 | Vaults:1 | 28424 ||| FLEEEEING.
 28425 | Vaults:1 | 28425 ||| FLEEEEING.
 28426 | Vaults:1 | 28426 ||| FLEEEEING.
 28427 | Vaults:1 | 28427 ||| FLEEEEING.
 28428 | Vaults:1 | 28428 ||| FLEEEEING.
 28429 | Vaults:1 | 28429 ||| FLEEEEING.
 28430 | Vaults:1 | 28430 ||| FLEEEEING.
 28431 | Vaults:1 | 28431 ||| FLEEEEING.
 28432 | Vaults:1 | 28432 ||| FLEEEEING.
 28433 | Vaults:1 | 28433 ||| FLEEEEING.
 28434 | Vaults:1 | 28434 ||| FLEEEEING.
 28435 | Vaults:1 | 28435 ||| FLEEEEING.
 28436 | Vaults:1 | 28436 ||| FLEEEEING.
 28437 | Vaults:1 | 28437 ||| FLEEEEING.
 28438 | Vaults:1 | 28438 ||| FLEEEEING.
 28439 | Vaults:1 | 28439 ||| FLEEEEING.
 28440 | Vaults:1 | 28440 ||| FLEEEEING.
 28441 | Vaults:1 | 28441 ||| FLEEEEING.
 28442 | Vaults:1 | 28442 ||| FLEEEEING.
 28443 | Vaults:1 | 28443 ||| FLEEEEING.
 28445 | Vaults:1 | 28445 ||| FLEEEEING.
 28451 | Vaults:1 | 28451 ||| Stepping ~*~*~tactically~*~*~ (outnumbered).
 28460 | Vaults:1 | Identified the +6 longbow of the Whelk {drain, rC+ Str+5}
                  | (Okawaru gifted it to you on level 1 of the Vaults)
 28460 | Vaults:1 | Received a gift from Okawaru
 28469 | Vaults:1 | 28469 ||| INVOKING Heroism.
 28480 | Vaults:1 | 28480 ||| INVOKING Finesse.
 28484 | Vaults:1 | Reached XP level 19. HP: 123/191 MP: 18/25
 28534 | Vaults:1 | Reached skill level 22 in Fighting
 28535 | Vaults:1 | HP: 44/191 [sphinx/divine providence[a glowing orange
                  | brain] (9)]
 28536 | Vaults:1 | 28536 ||| READING 17 scrolls of teleportation.
 28537 | Vaults:1 | 28537 ||| DRINKING potion of heal wounds.
 28537 | Vaults:1 | HP: 11/191 [lindwurm/blast of flame (12)]
 28538 | Vaults:1 | 28538 ||| INVOKING Heroism.
 28572 | Vaults:1 | 28572 ||| INVOKING Heroism.
 28895 | Vaults:1 | Reached skill level 12 in Armour
 29005 | Vaults:1 | 29005 ||| DROPPING +6 longbow of the Whelk {drain, rC+
                  | Str+5}.
 29150 | Vaults:1 | Found Ysmif's Book Boutique.
 29263 | Vaults:1 | 29263 ||| INVOKING Heroism.
 29265 | Vaults:1 | 29265 ||| INVOKING Finesse.
 29425 | Vaults:1 | 29425 ||| READING scroll labelled IPNOZA TOEFF.
 29427 | Vaults:1 | 29427 ||| DROPPING scroll of silence.
 30141 | Vaults:2 | 30141 ||| Stepping ~*~*~tactically~*~*~ (outnumbered).
 30142 | Vaults:2 | 30142 ||| Stepping ~*~*~tactically~*~*~ (outnumbered).
 30150 | Vaults:2 | 30150 ||| Stepping ~*~*~tactically~*~*~ (outnumbered).
 30318 | Vaults:2 | 30318 ||| DROPPING +0 longbow of electrocution.
 30371 | Vaults:2 | 30371 ||| FLEEEEING.
 30372 | Vaults:2 | 30372 ||| FLEEEEING.
 30375 | Vaults:2 | 30375 ||| FLEEEEING.
 30378 | Vaults:2 | 30378 ||| FLEEEEING.
 30379 | Vaults:2 | 30379 ||| FLEEEEING.
 30380 | Vaults:2 | 30380 ||| FLEEEEING.
 30384 | Vaults:2 | 30384 ||| FLEEEEING.
 30385 | Vaults:2 | 30385 ||| FLEEEEING.
 30386 | Vaults:2 | 30386 ||| FLEEEEING.
 30387 | Vaults:2 | 30387 ||| FLEEEEING.
 30390 | Vaults:2 | 30390 ||| FLEEEEING.
 30507 | Vaults:2 | Reached skill level 23 in Fighting
 30744 | Vaults:2 | 30744 ||| FLEEEEING.
 31066 | Vaults:3 | Identified the +10 plate armour of the Meadowlark {Slay+3}
                  | (Okawaru gifted it to you on level 3 of the Vaults)
 31066 | Vaults:3 | Received a gift from Okawaru
 31078 | Vaults:3 | 31078 ||| FLEEEEING.
 31079 | Vaults:3 | 31079 ||| FLEEEEING.
 31080 | Vaults:3 | 31080 ||| FLEEEEING.
 31081 | Vaults:3 | 31081 ||| STAIRDANCE
 31185 | Vaults:3 | 31185 ||| STAIRDANCE
 31375 | Vaults:3 | 31375 ||| Stepping ~*~*~tactically~*~*~ (outnumbered).
 31378 | Vaults:3 | 31378 ||| Stepping ~*~*~tactically~*~*~ (outnumbered).
 31384 | Vaults:3 | 31384 ||| INVOKING Heroism.
 31389 | Vaults:3 | 31389 ||| Stepping ~*~*~tactically~*~*~ (outnumbered).
 31417 | Vaults:3 | Reached skill level 24 in Fighting
 31533 | Vaults:3 | 31533 ||| INVOKING Heroism.
 31534 | Vaults:3 | 31534 ||| INVOKING Finesse.
 31610 | Vaults:3 | 31610 ||| FLEEEEING.
 31615 | Vaults:3 | 31615 ||| FLEEEEING.
 31616 | Vaults:3 | 31616 ||| FLEEEEING.
 31617 | Vaults:3 | 31617 ||| FLEEEEING.
 31618 | Vaults:3 | 31618 ||| FLEEEEING.
 31619 | Vaults:3 | 31619 ||| FLEEEEING.
 31625 | Vaults:3 | 31625 ||| FLEEEEING.
 31626 | Vaults:3 | 31626 ||| FLEEEEING.
 31627 | Vaults:3 | 31627 ||| FLEEEEING.
 31628 | Vaults:3 | 31628 ||| FLEEEEING.
 31629 | Vaults:3 | 31629 ||| FLEEEEING.
 31635 | Vaults:3 | 31635 ||| FLEEEEING.
 31636 | Vaults:3 | 31636 ||| FLEEEEING.
 31637 | Vaults:3 | 31637 ||| FLEEEEING.
 31638 | Vaults:3 | 31638 ||| FLEEEEING.
 31639 | Vaults:3 | 31639 ||| FLEEEEING.
 31640 | Vaults:3 | 31640 ||| FLEEEEING.
 31645 | Vaults:3 | 31645 ||| FLEEEEING.
 31646 | Vaults:3 | 31646 ||| FLEEEEING.
 31647 | Vaults:3 | 31647 ||| FLEEEEING.
 31648 | Vaults:3 | 31648 ||| FLEEEEING.
 31649 | Vaults:3 | 31649 ||| FLEEEEING.
 31656 | Vaults:3 | 31656 ||| FLEEEEING.
 31657 | Vaults:3 | 31657 ||| FLEEEEING.
 31658 | Vaults:3 | 31658 ||| FLEEEEING.
 31719 | Vaults:3 | 31719 ||| FLEEEEING.
 31720 | Vaults:3 | 31720 ||| FLEEEEING.
 31721 | Vaults:3 | 31721 ||| FLEEEEING.
 31722 | Vaults:3 | 31722 ||| FLEEEEING.
 31723 | Vaults:3 | 31723 ||| FLEEEEING.
 31724 | Vaults:3 | 31724 ||| FLEEEEING.
 31838 | Vaults:3 | 31838 ||| FLEEEEING.
 31852 | Vaults:3 | 31852 ||| Stepping ~*~*~tactically~*~*~ (outnumbered).
 31976 | Vaults:3 | 31976 ||| Stepping ~*~*~tactically~*~*~ (outnumbered).
 31979 | Vaults:3 | 31979 ||| Stepping ~*~*~tactically~*~*~ (outnumbered).
 31982 | Vaults:3 | 31982 ||| Stepping ~*~*~tactically~*~*~ (outnumbered).
 31984 | Vaults:3 | 31984 ||| Stepping ~*~*~tactically~*~*~ (outnumbered).
 32007 | Vaults:3 | Found a transporter.
 32046 | Vaults:3 | Found a transporter.
 32434 | Vaults:3 | Reached XP level 20. HP: 209/209 MP: 26/26
 32488 | Vaults:3 | Found a staircase to the Crypt.
 32689 | Vaults:4 | 32689 ||| Stepping ~*~*~tactically~*~*~ (outnumbered).
 32698 | Vaults:4 | Received a gift from Okawaru
 32733 | Vaults:4 | Reached skill level 25 in Fighting
 32748 | Vaults:4 | 32748 ||| INVOKING Heroism.
 32752 | Vaults:4 | 32752 ||| INVOKING Finesse.
 33053 | Vaults:4 | 33053 ||| Stepping ~*~*~tactically~*~*~ (outnumbered).
 33076 | Vaults:4 | 33076 ||| FLEEEEING.
 33080 | Vaults:4 | 33080 ||| FLEEEEING.
 33203 | Vaults:4 | Identified the +2 leather armour of Amelioration {Will+
                  | Regen+ Str+4}
 33504 | Vaults:4 | Received a gift from Okawaru
 33628 | Vaults:4 | 33628 ||| DRINKING 14 potions of curing.
 33628 | Vaults:4 | 33628 ||| (to cure confusion)
 33976 | Vaults:4 | 33976 ||| PLANNING SHOALS:4
 33976 | Vaults:4 | 33976 ||| UPGRADING to +2 leather armour of Amelioration
                  | {Will+ Regen+ Str+4}.
 33986 | Vaults:4 | 33986 ||| DROPPING +2 leather armour of poison resistance.
 33987 | Vaults:4 | 33987 ||| DROPPING +0 troll leather armour.
 34384 | Shoals:4 | Entered Level 4 of the Shoals
 34427 | Shoals:4 | Reached skill level 26 in Fighting
 34488 | Shoals:4 | 34488 ||| Stepping ~*~*~tactically~*~*~ (outnumbered).
 34491 | Shoals:4 | 34491 ||| Stepping ~*~*~tactically~*~*~ (outnumbered).
 34496 | Shoals:4 | 34496 ||| Stepping ~*~*~tactically~*~*~ (outnumbered).
 34697 | Shoals:4 | 34697 ||| Stepping ~*~*~tactically~*~*~ (water).
 34755 | Shoals:4 | 34755 ||| Stepping ~*~*~tactically~*~*~ (water).
 34801 | Shoals:4 | 34801 ||| Stepping ~*~*~tactically~*~*~ (outnumbered).
 34832 | Shoals:4 | 34832 ||| Stepping ~*~*~tactically~*~*~ (outnumbered).
 34854 | Shoals:4 | 34854 ||| INVOKING Heroism.
 34855 | Shoals:4 | 34855 ||| INVOKING Finesse.
 34945 | Shoals:4 | Got a barnacled rune of Zot
 35017 | Shoals:4 | 35017 ||| Stepping ~*~*~tactically~*~*~ (water).
 35074 | Shoals:4 | 35074 ||| Stepping ~*~*~tactically~*~*~ (outnumbered).
 35119 | Shoals:4 | 35119 ||| Stepping ~*~*~tactically~*~*~ (water).
 35123 | Shoals:4 | 35123 ||| Stepping ~*~*~tactically~*~*~ (water).
 35125 | Shoals:4 | 35125 ||| Stepping ~*~*~tactically~*~*~ (water).
 35127 | Shoals:4 | 35127 ||| Stepping ~*~*~tactically~*~*~ (water).
 35181 | Shoals:4 | 35181 ||| PLANNING DEPTHS
 35181 | Shoals:4 | 35181 ||| DROPPING +2 cloak of preservation.
 35182 | Shoals:4 | 35182 ||| DROPPING +3 leather armour of poison resistance.
 35432 | Depths:1 | Entered Level 1 of the Depths
 35433 | Depths:1 | 35433 ||| INVOKING Heroism.
 35434 | Depths:1 | 35434 ||| INVOKING Finesse.
 35487 | Depths:1 | 35487 ||| INVOKING Finesse.
 35499 | Depths:1 | 35499 ||| INVOKING Heroism.
 35526 | Depths:1 | Identified the +2 pair of boots of Cunnidets {-Cast rN+
                  | Regen+} (Okawaru gifted it to you on level 1 of the Depths)
 35526 | Depths:1 | Received a gift from Okawaru
 35575 | Depths:1 | Found a blossoming altar of Fedhas.
 35617 | Depths:1 | Found a one-way gate leading to the halls of Pandemonium.
 35660 | Depths:1 | 35660 ||| INVOKING Finesse.
 35731 | Depths:1 | 35731 ||| INVOKING Finesse.
 35751 | Depths:1 | Reached skill level 27 in Fighting
 35767 | Depths:1 | Reached XP level 21. HP: 224/224 MP: 24/28
 35775 | Depths:1 | 35775 ||| Stepping ~*~*~tactically~*~*~ (outnumbered).
 35942 | Depths:1 | Found a gateway to Hell.
 36044 | Depths:1 | Found a one-way gate to the infinite horrors of the Abyss.
 36134 | Depths:1 | 36134 ||| UPGRADING to +2 pair of boots of Cunnidets {-Cast
                  | rN+ Regen+}.
 36144 | Depths:1 | 36144 ||| DROPPING +2 pair of boots.
 36248 | Depths:2 | 36248 ||| Stepping ~*~*~tactically~*~*~ (outnumbered).
 36250 | Depths:2 | 36250 ||| Stepping ~*~*~tactically~*~*~ (outnumbered).
 36252 | Depths:2 | 36252 ||| Stepping ~*~*~tactically~*~*~ (outnumbered).
 36255 | Depths:2 | Reached skill level 15 in Armour
 36357 | Depths:2 | 36357 ||| Stepping ~*~*~tactically~*~*~ (outnumbered).
 36359 | Depths:2 | 36359 ||| Stepping ~*~*~tactically~*~*~ (outnumbered).
 36480 | Depths:2 | an iron giant changed into a golden dragon
 36480 | Depths:2 | Noticed a golden dragon (glowing shapeshifter)
 36488 | Depths:2 | a golden dragon changed into a fenstrider witch
 36510 | Depths:2 | 36510 ||| Stepping ~*~*~tactically~*~*~ (outnumbered).
 36514 | Depths:2 | 36514 ||| Stepping ~*~*~tactically~*~*~ (outnumbered).
 36518 | Depths:2 | Noticed a caustic shrike
 36519 | Depths:2 | 36519 ||| INVOKING Heroism.
 36520 | Depths:2 | 36520 ||| INVOKING Finesse.
 36521 | Depths:2 | a caustic shrike changed into an acid blob
 36610 | Depths:2 | 36610 ||| INVOKING Heroism.
 36611 | Depths:2 | 36611 ||| INVOKING Finesse.
 36626 | Depths:2 | Reached skill level 21 in Ranged Weapons
 36670 | Depths:2 | 36670 ||| INVOKING Finesse.
 36721 | Depths:2 | 36721 ||| Stepping ~*~*~tactically~*~*~ (outnumbered).
 36724 | Depths:2 | 36724 ||| INVOKING Finesse.
 36781 | Depths:2 | 36781 ||| INVOKING Heroism.
 36862 | Depths:2 | Identified the ring of Xizus {rElec rPois rCorr Slay+3}
 36893 | Depths:2 | 36893 ||| INVOKING Heroism.
 36893 | Depths:2 | Paralysed by an air elemental for 1 turns
 36930 | Depths:2 | Found a one-way gateway to a ziggurat.
 37016 | Depths:2 | 37016 ||| INVOKING Heroism.
 37017 | Depths:2 | 37017 ||| INVOKING Finesse.
 37056 | Depths:2 | Identified the amulet of Mikhik {Reflect rPois Will- SH+5
                  | Stlth+}
 37304 | Depths:2 | 37304 ||| INVOKING Heroism.
 37411 | Depths:2 | 37411 ||| DROPPING +1 ring mail of fire resistance.
 37412 | Depths:2 | 37412 ||| UPGRADING to ring of Xizus {rElec rPois rCorr
                  | Slay+3}.
 37414 | Depths:2 | 37414 ||| DROPPING +6 ring of strength.
 37438 | Depths:2 | 37438 ||| DROPPING ring of ice.
 37454 | Depths:2 | 37454 ||| DROPPING ring of poison resistance.
 37482 | Depths:3 | 37482 ||| INVOKING Heroism.
 37606 | Depths:3 | 37606 ||| INVOKING Heroism.
 37609 | Depths:3 | 37609 ||| Stepping ~*~*~tactically~*~*~ (outnumbered).
 37620 | Depths:3 | 37620 ||| Stepping ~*~*~tactically~*~*~ (outnumbered).
 37728 | Depths:3 | 37728 ||| INVOKING Heroism.
 37729 | Depths:3 | 37729 ||| INVOKING Finesse.
 37830 | Depths:3 | 37830 ||| INVOKING Heroism.
 37874 | Depths:3 | 37874 ||| INVOKING Heroism.
 38038 | Depths:3 | You fall into a shaft and drop 1 floor!
 38038 | Depths:4 | Entered Level 4 of the Depths
 38062 | Depths:4 | Noticed a golden dragon
 38063 | Depths:4 | 38063 ||| INVOKING Heroism.
 38069 | Depths:4 | 38069 ||| Stepping ~*~*~tactically~*~*~ (outnumbered).
 38074 | Depths:4 | Killed a golden dragon
 38092 | Depths:4 | 38092 ||| INVOKING Finesse.
 38167 | Depths:4 | 38167 ||| INVOKING Heroism.
 38268 | Depths:4 | 38268 ||| INVOKING Heroism.
 38269 | Depths:4 | 38269 ||| INVOKING Finesse.
 38306 | Depths:4 | Noticed a juggernaut
 38316 | Depths:4 | Killed a juggernaut
 38638 | Depths:3 | 38638 ||| INVOKING Finesse.
 38647 | Depths:3 | Reached XP level 22. HP: 233/233 MP: 23/29
 38773 | Depths:3 | 38773 ||| INVOKING Heroism.
 38832 | Depths:4 | Reached skill level 18 in Armour
 38886 | Depths:4 | Noticed Vv
 38887 | Depths:4 | 38887 ||| INVOKING Heroism.
 38888 | Depths:4 | 38888 ||| INVOKING Finesse.
 38910 | Depths:4 | Killed Vv
 38950 | Depths:4 | Found a gate to the Realm of Zot.
 39028 | Depths:4 | 39028 ||| INVOKING Finesse.
 39029 | Depths:4 | 39029 ||| Stepping ~*~*~tactically~*~*~ (outnumbered).
 39140 | Depths:4 | 39140 ||| INVOKING Heroism.
 39141 | Depths:4 | 39141 ||| INVOKING Finesse.
 39229 | Depths:4 | Found a hide-covered altar of Uskayaw.
 39520 | Depths:4 | 39520 ||| PLANNING VAULTS:5
 39788 | Vaults:5 | Entered Level 5 of the Vaults
 39794 | Vaults:5 | 39794 ||| INVOKING Heroism.
 39812 | Vaults:5 | 39812 ||| INVOKING Finesse.
 39854 | Vaults:5 | HP: 57/233 [vault guard/+2 great mace of protection (7)]
 39855 | Vaults:5 | 39855 ||| READING 21 scrolls of teleportation.
 39856 | Vaults:5 | 39856 ||| DRINKING 4 potions of heal wounds.
 39857 | Vaults:5 | 39857 ||| DRINKING 3 potions of heal wounds.
 39858 | Vaults:5 | 39858 ||| DRINKING 2 potions of heal wounds.
 39859 | Vaults:5 | 39859 ||| Stepping ~*~*~tactically~*~*~ (outnumbered).
 39881 | Vaults:5 | 39881 ||| FLEEEEING.
 39882 | Vaults:5 | 39882 ||| FLEEEEING.
 39883 | Vaults:5 | 39883 ||| FLEEEEING.
 39884 | Vaults:5 | 39884 ||| Stepping ~*~*~tactically~*~*~ (outnumbered).
 39893 | Vaults:5 | 39893 ||| Stepping ~*~*~tactically~*~*~ (outnumbered).
 39900 | Vaults:5 | 39900 ||| INVOKING Finesse.
 39933 | Vaults:5 | 39933 ||| INVOKING Heroism.
 39971 | Vaults:5 | 39971 ||| INVOKING Finesse.
 39972 | Vaults:5 | 39972 ||| Stepping ~*~*~tactically~*~*~ (outnumbered).
 39978 | Vaults:5 | Received a gift from Okawaru
 39979 | Vaults:5 | Reached skill level 21 in Armour
 40057 | Vaults:5 | 40057 ||| INVOKING Heroism.
 40058 | Vaults:5 | 40058 ||| INVOKING Finesse.
 40088 | Vaults:5 | Noticed Boris
 40102 | Vaults:5 | Killed Boris
 40141 | Vaults:5 | 40141 ||| Stepping ~*~*~tactically~*~*~ (outnumbered).
 40143 | Vaults:5 | 40143 ||| Stepping ~*~*~tactically~*~*~ (outnumbered).
 40153 | Vaults:5 | 40153 ||| Stepping ~*~*~tactically~*~*~ (outnumbered).
 40165 | Vaults:5 | 40165 ||| INVOKING Finesse.
 40196 | Vaults:5 | Noticed a golden dragon
 40204 | Vaults:5 | Killed a golden dragon
 40220 | Vaults:5 | Noticed an ancient lich
 40232 | Vaults:5 | Reached skill level 12 in Invocations
 40239 | Vaults:5 | 40239 ||| Stepping ~*~*~tactically~*~*~ (outnumbered).
 40254 | Vaults:5 | Killed an ancient lich
 40255 | Vaults:5 | 40255 ||| INVOKING Heroism.
 40283 | Vaults:5 | Reached XP level 23. HP: 165/240 MP: 31/31
 40296 | Vaults:5 | Identified the +4 falchion of Wisdom {venom, Fly rC- rCorr}
 40363 | Vaults:5 | 40363 ||| INVOKING Heroism.
 40390 | Vaults:5 | Received a gift from Okawaru
 40401 | Vaults:5 | 40401 ||| INVOKING Finesse.
 40433 | Vaults:5 | 40433 ||| INVOKING Heroism.
 40568 | Vaults:5 | Got a silver rune of Zot
 40596 | Vaults:5 | 40596 ||| INVOKING Heroism.
 40664 | Vaults:5 | 40664 ||| INVOKING Heroism.
 40727 | Vaults:5 | 40727 ||| UPGRADING to +1 cloak of willpower.
 40732 | Vaults:5 | 40732 ||| UPGRADING to +1 cloak of willpower.
 40744 | Vaults:5 | 40744 ||| DROPPING +2 ring mail of poison resistance.
 40745 | Vaults:5 | 40745 ||| READING scroll of enchant armour.
 40745 | Vaults:5 | 40745 ||| ENCHANTING +1 cloak of willpower.
 40746 | Vaults:5 | 40746 ||| DROPPING +2 cloak.
 40877 | Vaults:5 | 40877 ||| INVOKING Heroism.
 41071 | Vaults:5 | 41071 ||| INVOKING Heroism.
 41182 | Vaults:5 | Found the +3 crown of Dyrovepreva {rElec Int+2 SInv}
 41186 | Vaults:5 | 41186 ||| UPGRADING to +3 crown of Dyrovepreva {rElec Int+2
                  | SInv}.
 41196 | Vaults:5 | 41196 ||| SWAPPING to +0 triple crossbow of draining.
 41197 | Vaults:5 | 41197 ||| DROPPING +2 hat.
 41198 | Vaults:5 | 41198 ||| DROPPING +5 longbow of Furaun {speed, *Slow rC+
                  | Int+2}.
 41199 | Vaults:5 | 41199 ||| READING scroll of brand weapon.
 41199 | Vaults:5 | 41199 ||| BRANDING +0 triple crossbow of draining.
 41200 | Vaults:5 | 41200 ||| READING 9 scrolls of enchant weapon.
 41200 | Vaults:5 | 41200 ||| ENCHANTING +0 triple crossbow of flaming.
 41201 | Vaults:5 | 41201 ||| READING 8 scrolls of enchant weapon.
 41201 | Vaults:5 | 41201 ||| ENCHANTING +1 triple crossbow of flaming.
 41202 | Vaults:5 | 41202 ||| READING 7 scrolls of enchant weapon.
 41202 | Vaults:5 | 41202 ||| ENCHANTING +2 triple crossbow of flaming.
 41203 | Vaults:5 | 41203 ||| READING 6 scrolls of enchant weapon.
 41203 | Vaults:5 | 41203 ||| ENCHANTING +3 triple crossbow of flaming.
 41204 | Vaults:5 | 41204 ||| READING 5 scrolls of enchant weapon.
 41204 | Vaults:5 | 41204 ||| ENCHANTING +4 triple crossbow of flaming.
 41205 | Vaults:5 | 41205 ||| READING 4 scrolls of enchant weapon.
 41205 | Vaults:5 | 41205 ||| ENCHANTING +5 triple crossbow of flaming.
 41206 | Vaults:5 | 41206 ||| READING 3 scrolls of enchant weapon.
 41206 | Vaults:5 | 41206 ||| ENCHANTING +6 triple crossbow of flaming.
 41207 | Vaults:5 | 41207 ||| READING 2 scrolls of enchant weapon.
 41207 | Vaults:5 | 41207 ||| ENCHANTING +7 triple crossbow of flaming.
 41208 | Vaults:5 | 41208 ||| READING scroll of enchant weapon.
 41208 | Vaults:5 | 41208 ||| ENCHANTING +8 triple crossbow of flaming.
 41313 | Vaults:5 | 41313 ||| PLANNING SHOPPING SPREE
 41313 | Vaults:5 | 41313 ||| UPGRADING to +4 ring of protection.
 41328 | Vaults:5 | 41328 ||| INVOKING Heroism.
 41707 | D:5      | 41707 ||| PLANNING ZOT:1-4
 41935 | Zot:1    | Entered Level 1 of the Realm of Zot
 41972 | Zot:1    | 41972 ||| INVOKING Heroism.
 42207 | Zot:1    | Noticed an orb of fire
 42208 | Zot:1    | 42208 ||| INVOKING Heroism.
 42208 | Zot:1    | Gained mutation: Armour fits poorly on your strangely
                  | shaped body. [an orb of fire]
 42213 | Zot:1    | Killed an orb of fire
 42268 | Zot:1    | 42268 ||| Stepping ~*~*~tactically~*~*~ (outnumbered).
 42270 | Zot:1    | 42270 ||| Stepping ~*~*~tactically~*~*~ (outnumbered).
 42272 | Zot:1    | 42272 ||| Stepping ~*~*~tactically~*~*~ (outnumbered).
 42274 | Zot:1    | 42274 ||| Stepping ~*~*~tactically~*~*~ (outnumbered).
 42276 | Zot:1    | 42276 ||| Stepping ~*~*~tactically~*~*~ (outnumbered).
 42278 | Zot:1    | 42278 ||| Stepping ~*~*~tactically~*~*~ (outnumbered).
 42298 | Zot:1    | Identified the amulet "Kiogip" {Reflect rF+ rC+ Str-4 Dex+2
                  | SH+5}
 42319 | Zot:1    | Found Wuth's Changing Room.
 42337 | Zot:1    | 42337 ||| BUYING 2 potions of mutation (288 gold).
 42337 | Zot:1    | Bought 2 potions of mutation for 288 gold pieces
 42350 | Zot:1    | Reached skill level 15 in Invocations
 42437 | Zot:1    | 42437 ||| INVOKING Heroism.
 42459 | Zot:1    | 42459 ||| Stepping ~*~*~tactically~*~*~ (outnumbered).
 42461 | Zot:1    | 42461 ||| Stepping ~*~*~tactically~*~*~ (outnumbered).
 42464 | Zot:1    | 42464 ||| Stepping ~*~*~tactically~*~*~ (outnumbered).
 42526 | Zot:1    | 42526 ||| INVOKING Heroism.
 42537 | Zot:1    | 42537 ||| Stepping ~*~*~tactically~*~*~ (outnumbered).
 42539 | Zot:1    | 42539 ||| Stepping ~*~*~tactically~*~*~ (outnumbered).
 42542 | Zot:1    | 42542 ||| Stepping ~*~*~tactically~*~*~ (outnumbered).
 42696 | Zot:1    | 42696 ||| INVOKING Heroism.
 42986 | Zot:1    | 42986 ||| Stepping ~*~*~tactically~*~*~ (outnumbered).
 43030 | Zot:1    | 43030 ||| DROPPING amulet of reflection.
 43031 | Zot:1    | 43031 ||| DROPPING amulet of the acrobat.
 43032 | Zot:1    | 43032 ||| UPGRADING to ring of protection from fire.
 43104 | Zot:2    | 43104 ||| INVOKING Heroism.
 43160 | Zot:2    | 43160 ||| Stepping ~*~*~tactically~*~*~ (outnumbered).
 43207 | Zot:2    | 43207 ||| INVOKING Heroism.
 43210 | Zot:2    | Received a gift from Okawaru
 43321 | Zot:2    | 43321 ||| INVOKING Heroism.
 43330 | Zot:2    | 43330 ||| Stepping ~*~*~tactically~*~*~ (outnumbered).
 43331 | Zot:2    | 43331 ||| Stepping ~*~*~tactically~*~*~ (outnumbered).
 43365 | Zot:2    | 43365 ||| DRINKING potion of experience.
 43365 | Zot:2    | Reached XP level 24. HP: 249/249 MP: 34/34
 43405 | Zot:2    | 43405 ||| Stepping ~*~*~tactically~*~*~ (outnumbered).
 43414 | Zot:2    | Noticed a Killer Klown
 43415 | Zot:2    | 43415 ||| INVOKING Heroism.
 43416 | Zot:2    | 43416 ||| INVOKING Finesse.
 43419 | Zot:2    | Killed a Killer Klown
 43450 | Zot:2    | Reached skill level 18 in Invocations
 43501 | Zot:2    | 43501 ||| INVOKING Heroism.
 43613 | Zot:2    | 43613 ||| INVOKING Heroism.
 43662 | Zot:2    | 43662 ||| Stepping ~*~*~tactically~*~*~ (outnumbered).
 43663 | Zot:2    | 43663 ||| Stepping ~*~*~tactically~*~*~ (outnumbered).
 43763 | Zot:2    | 43763 ||| INVOKING Heroism.
 43994 | Zot:2    | 43994 ||| INVOKING Heroism.
 44044 | Zot:2    | 44044 ||| DROPPING +1 pair of gloves of hurling.
 44087 | Zot:3    | 44087 ||| INVOKING Heroism.
 44154 | Zot:3    | Found a runed translucent gate.
 44154 | Zot:3    | Found a runed translucent gate.
 44158 | Zot:3    | Found a runed translucent gate.
 44158 | Zot:3    | Noticed qw's ghost (veteran MiHu)
 44221 | Zot:3    | 44221 ||| INVOKING Heroism.
 44319 | Zot:3    | 44319 ||| Stepping ~*~*~tactically~*~*~ (outnumbered).
 44321 | Zot:3    | 44321 ||| Stepping ~*~*~tactically~*~*~ (outnumbered).
 44327 | Zot:3    | Reached XP level 25. HP: 248/257 MP: 35/35
 44333 | Zot:3    | 44333 ||| Stepping ~*~*~tactically~*~*~ (cloud).
 44334 | Zot:3    | 44334 ||| INVOKING Heroism.
 44426 | Zot:3    | Noticed an orb of fire
 44427 | Zot:3    | 44427 ||| INVOKING Heroism.
 44433 | Zot:3    | Killed an orb of fire
 44582 | Zot:3    | Noticed a Killer Klown
 44586 | Zot:3    | 44586 ||| INVOKING Heroism.
 44595 | Zot:3    | Killed a Killer Klown
 44938 | Zot:3    | 44938 ||| DROPPING +4 ring of protection.
 44970 | Zot:4    | 44970 ||| INVOKING Heroism.
 45114 | Zot:4    | 45114 ||| INVOKING Heroism.
 45443 | Zot:4    | 45443 ||| INVOKING Heroism.
 45459 | Zot:4    | Received a gift from Okawaru
 45720 | Zot:4    | 45720 ||| PLANNING ORB
 45762 | Zot:5    | Entered Level 5 of the Realm of Zot
 46086 | Zot:5    | Noticed an orb of fire
 46087 | Zot:5    | 46087 ||| INVOKING Heroism.
 46088 | Zot:5    | Noticed an orb of fire
 46090 | Zot:5    | Killed an orb of fire
 46090 | Zot:5    | Noticed a Killer Klown
 46091 | Zot:5    | 46091 ||| INVOKING Finesse.
 46091 | Zot:5    | Noticed an orb of fire
 46099 | Zot:5    | Gained mutation: You sometimes lose your temper in combat.
                  | [an orb of fire]
 46105 | Zot:5    | Killed an orb of fire
 46105 | Zot:5    | Noticed a dread lich
 46116 | Zot:5    | Reached skill level 21 in Invocations
 46116 | Zot:5    | 46116 ||| INVOKING Heroism.
 46116 | Zot:5    | Gained mutation: You are frail. (-10% HP) [an orb of fire]
 46118 | Zot:5    | Killed an orb of fire
 46121 | Zot:5    | Killed a Killer Klown
 46134 | Zot:5    | Killed a dread lich
 46140 | Zot:5    | HP: 42/231 [Orb Guardian (20)]
 46141 | Zot:5    | 46141 ||| READING 23 scrolls of teleportation.
 46142 | Zot:5    | 46142 ||| DRINKING 2 potions of heal wounds.
 46143 | Zot:5    | 46143 ||| DRINKING potion of heal wounds.
 46146 | Zot:5    | HP: 45/231 [Orb Guardian (6)]
 46147 | Zot:5    | HP: 16/231 [Orb Guardian (30)]
 46148 | Zot:5    | Received a gift from Okawaru
 46150 | Zot:5    | Noticed an orb of fire
 46151 | Zot:5    | HP: 6/231 [Orb Guardian (14)]
 46152 | Zot:5    | Noticed an orb of fire
 46152 | Zot:5    | HP: 1/231 [Orb Guardian (6)]
 46154 | Zot:5    | Mangled by an Orb Guardian

Levels and vault maps discovered:
D:1:      amcnicky_arrival_flooded_fountain, layout_basic,
          ebering_ecumenical_altar_sacrificial, minmay_misc_feat_tiny
D:2:      layout_basic
D:3:      layout_basic, dreamdust_princess_bridge,
          minmay_misc_feat_secret_circle, minmay_strange_pillars
D:4:      layout_layer_cave, nemelex_xobeh_ov_fountains_minmay,
          grunt_gozag_statues, enter_ossuary_5, uniq_grinder, uniq_ijyb,
          uniq_blork_the_orc
D:5:      layout_basic, serial_shops, nicolae_shop_hallway_stairs,
          hellmonk_ghost_happy_afterlife
D:6:      layout_cave_pods, lemuel_doored_altar, serial_rivers,
          chequers_serial_rivers_small_3, chequers_serial_rivers_room_b,
          chequers_serial_rivers_large_a, chequers_serial_rivers_small_3,
          chequers_serial_rivers_micro_a, serial_shops,
          nicolae_shop_rolling_square
D:7:      layout_loops_ring, nicolae_qazlal_eye_of_the_storm,
          minmay_temple_entry_antechambers, nicolae_elemental_shop,
          hellmonk_guarded_unrand_gyre_and_gimble, uniq_maggie, uniq_menkaure
D:8:      layout_rooms, nicolae_shop_gadgets, uniq_amaemon
D:9:      gammafunk_sealed_arena, layout_irregular_city, xom_butterflies
D:10:     layout_rooms
D:11:     minmay_smoke_and_mirrors, layout_cave_pools, david_lair_shrubbed
D:12:     minmay_the_grid_octo_2x2 [minmay_the_grid_octo_focus,
          minmay_the_grid_octo_fat_diamond, minmay_the_grid_octo_empty,
          minmay_the_grid_octo_prize_ultimate_mussel_roller], layout_stronghold,
          hiddenorc1_lemuel, kennysheep_cross_bottleneck, minivault_21,
          st_stairs_14, nicolae_shop_vocational, uniq_nessos, uniq_lodul,
          uniq_maurice
D:13:     layout_cave_pools
D:14:     kennysheep_windowed_halls, layout_basic, david_vaults_2,
          gauntlet_entry_generic, chequers_serial_rivers_small_b,
          grunt_ministairs_9, nicolae_ru_the_path_less_chosen
D:15:     grunt_enter_depths_giant_problem, layout_loops_ring
Temple:   bh_familiar_temple
Lair:1:   dragon1_lemuel, layout_regular_city, beast_lair_carwin_8, uniq_harold
Lair:2:   layout_chaotic_city, minmay_shoals_entry_centaurs,
          cheibrodos_lair_reptile_den
Lair:3:   layout_gridlike, spider_nest_entry_funnel_web,
          infiniplex_staircase_pool, grunt_megastairs_1
Lair:4:   layout_hall_layers, slime_entry_1
Lair:5:   gammafunk_lair_ancient_temple, layout_regular_city, minivault_26
Shoals:1: layout_shoals, uniq_kirke, uniq_frances, uniq_jorgrun
Shoals:2: layout_shoals, portal_ice_cave_entry_frozen_things
Shoals:3: argonaut_golden_fleece, layout_shoals, nicolae_shoals_mertower,
          uniq_mara, uniq_polyphemus, uniq_louise
Shoals:4: shoals_end_hangedman, layout_shoals, shoals_oasis,
          nicolae_shoals_hunting_party
Spider:1: layout_spider_delve
Spider:2: nicolae_spider_hall_of_the_moth_king, nicolae_spider_cling_halls
Spider:3: layout_spider_delve
Spider:4: johnstein_spider_rune_arachne_lair,
          nicolae_spider_some_kinda_spiderbox, uniq_arachne, uniq_agnes,
          uniq_nikola
Orc:1:    layout_diamond_mine, uniq_sonja
Orc:2:    st_orc_town, layout_diamond_mine, basic_altar
Vaults:1: nicolae_vaults_weapon_check, vaults_dpeg_cross,
          nicolae_vaults_trapezoid_1, nicolae_vaults_sealed_display,
          vaults_mumra_bighexcomb, v_misc_19, nicolae_vaults_double_plus_2,
          vaults_dpeg_encased_lava, layout_vaults_chaotic_city, serial_shops,
          shop
Vaults:2: vaults_room_hallway, ontoclasm_vaults_eye, vaults_mumra_hex,
          v_misc_24, vaults_room_fours, nicolae_vaults_heart-shaped_vault,
          nicolae_vaults_closet_pinwheel_1, ontoclasm_vaults_claustrophobia,
          grunt_vaults_hallway_long, layout_vaults_omnigrid, uniq_margery
Vaults:3: ontoclasm_vaults_bender, nicolae_vaults_apartment_1,
          minmay_crypt_entry_skeletal_spiral, grunt_vaults_diagonal,
          gammafunk_its_a_trap, v_alt_pattern_2,
          nicolae_vaults_frosty_reception, v_misc_5, ontoclasm_vaults_hangar,
          vaults_room_stairs_pillars, layout_vaults_omnibox
Vaults:4: nicolae_vaults_more_shelving_1, vaults_room_semicircle,
          nicolae_vaults_double_plus_1, nicolae_vaults_doubleplus_tesselated,
          grunt_vaults_bifocal, nicolae_vaults_mini_display_case, v_pattern_3,
          nicolae_vaults_door_testing_chamber, hangedman_vaults_pinch,
          nicolae_vaults_swerve, layout_vaults_maze
Vaults:5: serial_shops, uniq_boris
Depths:1: layout_cave_pools, minmay_misc_feat_alley, pan_entry, special_room
          [special_room_mythical_zoo], hell_entry,
          abyss_entry_small_statue_room, fedhas_altar_4
Depths:2: radiant_caverns_a_rkd, abyss_entry, serial_shops, hell_entry,
          pan_entry
Depths:3: grunt_twist_and_shout, layout_gridlike, grunt_mini_vestibule,
          hangedman_abyss_or_decor_lesser_grid, abyss_entry_crystal,
          eino_tiny_chamber, minmay_staircase_windowed_large,
          serial_bayou_shore_b
Depths:4: evilmike_zot_entry_argh, layout_gridlike, nicolae_uskayaw_dance_hall,
          abyss_entry, hell_entry, uniq_vv
Zot:1:    layout_gridlike, nicolae_transmutations_shop, grunt_megastairs_2
Zot:2:    layout_gridlike
Zot:3:    layout_basic, gammafunk_ghost_tricky_traps
Zot:4:    layout_gridlike
Zot:5:    layout_gridlike

Skill      XL: |  1  2  3  4  5  6  7  8  9 10 11 12 13 14 15 16 17 18 19 20 21 22 23 24 25 |
---------------+----------------------------------------------------------------------------+-----
Ranged Weapons | 5 6 7 9 10 12 13 15 16 18 20 22 | 22.0
Fighting       | 3 5 7 8 9 10 11 12 13 15 18 20 21 24 27 | 27.0
Dodging        | 3 4 5 7 9 10 12 14 16 18 20 22 | 22.0
Armour         | 2 3 4 5 8 9 10 11 13 14 17 22 | 22.0
Invocations    | 3 4 8 10 11 12 17 19 21 | 21.6
Stealth        | |  0.7

Action                     |  1- 3 |  4- 6 |  7- 9 | 10-12 | 13-15 | 16-18 | 19-21 | 22-24 | 25-27 || total
---------------------------+-------+-------+-------+-------+-------+-------+-------+-------+-------++-------
   Fire: Shortbow          |    82 |    94 |   147 |       |       |       |       |       |       ||   323
         Triple crossbow   |       |       |    55 |   124 |       |       |       |   334 |   198 ||   711
         Longbow           |       |       |       |   286 |  1232 |  1776 |  2139 |   765 |       ||  6198
 Invoke: Heroism           |       |       |     2 |    14 |    26 |    32 |    23 |    29 |     8 ||   134
         Finesse           |       |       |       |     1 |    13 |    10 |    17 |    10 |     1 ||    52
    Use: Scroll            |     7 |     1 |     7 |     8 |     8 |     3 |     2 |    12 |     1 ||    49
         Potion            |     3 |       |     2 |     1 |     2 |     5 |     2 |     4 |     2 ||    21
 Armour: Leather armour    |     6 |     6 |       |     2 |     1 |       |    25 |    70 |    12 ||   122
         Ring mail         |       |       |    23 |       |       |       |       |       |       ||    23
         Steam dragon scal |       |       |       |    45 |       |       |       |       |       ||    45
         Robe              |       |       |       |       |    24 |       |       |       |       ||    24
         Troll leather arm |       |       |       |       |    15 |   144 |    16 |       |       ||   175
  Dodge: Dodged            |    17 |    23 |    70 |   169 |   252 |  1227 |   451 |   726 |   257 ||  3192

Table legend:
 A = Non-vault XP
 B = Vault XP
 C = Vault XP percentage of total XP
 D = Non-vault monster count
 E = Vault monster count
 F = Vault count percentage of total count
                 A         B        C        D         E       F
            +---------+---------+-------+---------+---------+-------
      Total |  600854 |  486334 |  44.7 |    1166 |     729 |  38.5
            +---------+---------+-------+---------+---------+-------
        D:1 |      29 |       0 |   0.0 |      19 |       0 |   0.0
        D:2 |     101 |       0 |   0.0 |      21 |       0 |   0.0
        D:3 |      16 |       0 |   0.0 |      11 |       0 |   0.0
        D:4 |     353 |     395 |  52.8 |      11 |       3 |  21.4
        D:5 |     764 |       0 |   0.0 |      25 |       0 |   0.0
        D:6 |    1561 |       0 |   0.0 |      23 |       0 |   0.0
        D:7 |     620 |    2408 |  79.5 |      12 |       5 |  29.4
        D:8 |    1118 |    1152 |  50.7 |      21 |       2 |   8.7
        D:9 |    3628 |       0 |   0.0 |      20 |       0 |   0.0
       D:10 |    4253 |       0 |   0.0 |      16 |       0 |   0.0
       D:11 |    2258 |    6880 |  75.3 |      16 |      11 |  40.7
       D:12 |    3696 |   12305 |  76.9 |      13 |      49 |  79.0
       D:13 |    5708 |       0 |   0.0 |      22 |       0 |   0.0
       D:14 |    7306 |   14739 |  66.9 |      22 |      30 |  57.7
       D:15 |    8944 |    1246 |  12.2 |      14 |       1 |   6.7
     Lair:1 |    6166 |    3153 |  33.8 |      21 |      11 |  34.4
     Lair:2 |    9906 |     960 |   8.8 |      42 |      10 |  19.2
     Lair:3 |    8447 |    2342 |  21.7 |      23 |      11 |  32.4
     Lair:4 |    5711 |       0 |   0.0 |      20 |       0 |   0.0
     Lair:5 |   17981 |    8502 |  32.1 |      43 |      20 |  31.7
   Shoals:1 |   10713 |    5849 |  35.3 |      21 |       8 |  27.6
   Shoals:2 |    9272 |     716 |   7.2 |      21 |       2 |   8.7
   Shoals:3 |   16761 |   11171 |  40.0 |      27 |      13 |  32.5
   Shoals:4 |   13207 |   19502 |  59.6 |      27 |      34 |  55.7
   Spider:1 |   26396 |       0 |   0.0 |      71 |       0 |   0.0
   Spider:2 |   21291 |   11815 |  35.7 |      40 |      16 |  28.6
   Spider:3 |   17401 |    1193 |   6.4 |      31 |       1 |   3.1
   Spider:4 |   19085 |   38773 |  67.0 |      43 |      61 |  58.7
      Orc:1 |    1850 |     782 |  29.7 |      14 |       1 |   6.7
      Orc:2 |    2448 |    6251 |  71.9 |      18 |      66 |  78.6
   Vaults:1 |   42605 |    8091 |  16.0 |      60 |      10 |  14.3
   Vaults:2 |   10403 |   17747 |  63.0 |      14 |      26 |  65.0
   Vaults:3 |   26557 |   17984 |  40.4 |      40 |      32 |  44.4
   Vaults:4 |   23776 |   24684 |  50.9 |      36 |      31 |  46.3
   Vaults:5 |   29457 |  104399 |  78.0 |      43 |      92 |  68.1
   Depths:1 |   13690 |   18591 |  57.6 |      22 |      27 |  55.1
   Depths:2 |       0 |   59982 | 100.0 |       0 |     101 | 100.0
   Depths:3 |   25400 |    8932 |  26.0 |      32 |       9 |  22.0
   Depths:4 |   43972 |   14443 |  24.7 |      45 |      12 |  21.1
      Zot:1 |   31370 |   11649 |  27.1 |      26 |      10 |  27.8
      Zot:2 |   54954 |       0 |   0.0 |      52 |       0 |   0.0
      Zot:3 |   35942 |       0 |   0.0 |      24 |       0 |   0.0
      Zot:4 |   22842 |       0 |   0.0 |      21 |       0 |   0.0
      Zot:5 |    3460 |   47914 |  93.3 |       3 |      20 |  87.0
    Abyss:2 |    9436 |       0 |   0.0 |      20 |       0 |   0.0
   Gauntlet |       0 |    1784 | 100.0 |       0 |       4 | 100.0
            +---------+---------+-------+---------+---------+-------
